 Dungeon Crawl Stone Soup version 0.30-a0-166-g5d06c95188 (webtiles) character file.

Game seed: 11224020066249693617

313721 qw the Tortoise (level 21, -25/139 HPs)
             Began as a Gargoyle Fighter on Sept 29, 2022.
             Was an Elder of Okawaru.
             Killed from afar by a lich (43 damage)
             ... with a bolt of cold
             ... summoned by an orange crystal statue
             ... on level 1 of the Depths.
             The game lasted 00:21:19 (38178 turns).

qw the Tortoise (Gargoyle Fighter)                 Turns: 38178, Time: 00:21:20

Health: -25/139    AC: 78    Str: 31    XL:     21   Next: 34%
Magic:  3/28       EV: 10    Int: -2 (9) God:    Okawaru [****..]
Gold:   1441       SH: 22    Dex:  9    Spells: 20/20 levels left

rFire   + . .      SeeInvis +    A - +7 broad axe (freeze)
rCold   . . .      Faith    .    D - +0 tower shield
rNeg    + + +      Spirit   .    x - +11 crystal plate armour of Iliden {rPois Will++}
rPois   inf        Reflect  .    t - +2 helmet
rElec   +          Harm     .    H - +2 cloak of Hadjma {rN+}
rCorr   .          Rampage  .    z - +3 pair of gauntlets of War {Slay+5}
Will    +++..                    p - +2 pair of boots
Stlth   ..........               b - amulet of regeneration
HPRegen 1.13/turn                q - ring of the Shining Light {rPois rF+ rN+++ SInv Stlth-}
MPRegen 0.21/turn                o - +4 ring of protection

@: heroic, flying, slowed, lost intelligence, unable to read, very slow
A: sickness immunity, AC +16, big wings, negative energy resistance 1,
electricity resistance, torment resistance 1, petrification resistance
}: 2/15 runes: barnacled, gossamer
a: Renounce Religion, Heroism, Finesse


You were on level 1 of the Depths.
You worshipped Okawaru.
Okawaru was greatly pleased with you.
You visited 7 branches of the dungeon, and saw 35 of its levels.

You collected 4209 gold pieces.
You spent 2768 gold pieces at shops.


Innate Abilities, Weirdness & Mutations

You are immune to sickness and miasma.
Your stone body is resilient. (AC +16)
You are immune to poison.
Your large and strong wings let you fly.
You resist negative energy. (rN+)
You are resistant to electric shocks. (rElec)
You are resistant to unholy torment.
You are immune to petrification.


   Skills:
 - Level 17.0(22.0) Fighting
 - Level 18.0(23.0) Axes
 - Level 10.1(15.1) Throwing
 + Level 20.4(25.4) Armour
 - Level 4.2(9.2) Dodging
 - Level 19.4(24.4) Shields
 - Level 10.2 Invocations


You had 20 spell levels left.
You didn't know any spells.
Your spell library was empty.

Inventory:

Hand Weapons
 y - the +9 hand axe of Irritation {vorpal, rC+ Will- rCorr Stlth+}
   (Okawaru gifted it to you on level 1 of the Vaults)

   It inflicts extra damage upon your enemies.
   rC:        It protects you from cold.
   rCorr:     It protects you from acid and corrosion.
   Will:      It decreases your willpower.
   Stlth:     It makes you more stealthy.
 A - a +7 broad axe of freezing (weapon)
Missiles
 c - 8 javelins (quivered)
 l - 2 silver boomerangs
 v - 7 boomerangs of dispersal
 F - 32 boomerangs
Armour
 p - a +2 pair of boots (worn)
 t - a +2 helmet (worn)
 x - the +11 crystal plate armour of Iliden (worn) {rPois Will++}
   (Okawaru gifted it to you on level 2 of the Spider Nest)

   rPois:     It protects you from poison.
   Will:      It greatly increases your willpower.
 z - the +3 pair of gauntlets of War (worn) {Slay+5}
   (Okawaru gifted it to you on level 5 of the Lair of Beasts)

   Slay:      It affects your accuracy & damage with ranged weapons and melee
   (+5).
 D - a +0 tower shield (worn)
 H - the +2 cloak of Hadjma (worn) {rN+}
   (You bought it in a shop on level 2 of the Orcish Mines)

   rN:        It protects you from negative energy.
Jewellery
 b - an amulet of regeneration (around neck)
 h - a ring of ice
 j - a ring of protection from cold
 o - a +4 ring of protection (right hand)
 q - the ring of the Shining Light (left hand) {rPois rF+ rN+++ SInv Stlth-}
   (You found it on level 2 of the Spider Nest)

   [ring of protection from fire]

   rF:        It protects you from fire.
   rPois:     It protects you from poison.
   rN:        It renders you almost immune to negative energy.
   SInv:      It lets you see invisible.
   Stlth:     It makes you less stealthy.
 G - a ring of protection from fire
 Y - a +4 ring of evasion
Scrolls
 a - 19 scrolls of identify
 s - 3 scrolls of teleportation
Potions
 d - 11 potions of might
 e - 3 potions of magic
 f - 8 potions of attraction
 i - 17 potions of curing
 k - 9 potions of lignification
 m - 10 potions of mutation
 n - 2 potions of haste
 w - 5 potions of resistance
 B - 4 potions of cancellation

Dungeon Overview and Level Annotations

Branches:
Dungeon (15/15)            Temple (0/1) D:4            Lair (5/5) D:11
 Shoals (4/4) Lair:3       Spider (4/4) Lair:3        Slime (0/5) Lair:5
    Orc (2/2) D:9             Elf (0/3) Orc:2        Vaults (4/5) D:14
  Crypt (0/3) Vaults:3     Depths (1/4) D:15

Altars:
Dithmenos
Fedhas
Hepliaklqana
Kikubaaqudgha
Makhleb
Okawaru
Sif Muna
Uskayaw
Vehumet

Shops:
D:1 :   D:5 *   D:9 (***   Orc:2 *?(*[[   Vaults:2 !   Vaults:3 *

Portals:
Hell: Depths:1
Ziggurat: Depths:1

Annotations:
D:13 3 runed translucent doors, qw's ghost, journeyman GrFi


Message History

The jiangshi claws you but does no damage.
You block the jiangshi's attack. The lich casts a spell at you.
The bolt of cold misses you. You block the jiangshi's attack. x2
The orange crystal statue glitters topaz in the dim dungeon light.
You barely miss the jiangshi.
The jiangshi is almost destroyed.
You hit the stone giant. You freeze the stone giant.
You barely miss the glowing orange brain.
You hit the lich. The jiangshi claws you! You block the jiangshi's attack.
The lich closely misses you. You block the jiangshi's attack.
The jiangshi claws you but does no damage.
The lich touches you but does no damage.
The stone giant hits you but does no damage.
The jiangshi claws you but does no damage. x2
You hit the jiangshi. You freeze the jiangshi.
You destroy the jiangshi!
The jiangshi dissolves into shadows!
You slash the stone giant! You freeze the stone giant.
You slice the glowing orange brain!! You freeze the glowing orange brain!
You hit the lich but do no damage. You block the lich's attack.
The stone giant hits you but does no damage.
The lich touches you but does no damage.
You barely miss the glowing orange brain.
The glowing orange brain is almost dead.
You hit the lich. You hit the stone giant. You freeze the stone giant.
You block the lich's attack.
The stone giant hits you but does no damage.
The lich touches you but does no damage.
The orange crystal statue fixes its piercing gaze on you.
You feel your power leaking away.
The stone giant hits you but does no damage.
You slice the glowing orange brain!! You freeze the glowing orange brain.
You kill the glowing orange brain!
The glowing orange brain dissolves into shadows!
You slash the lich! You hit the stone giant. You freeze the stone giant.
The lich points at you and mumbles some strange words.
The bolt of cold hits you!!!
You die...

# ##.....#$#....#....^.... #
#.....###............# ##
#...............##...#. .##
##.#.......###..........
..####..##......##...#.##....
.[......#....##....##..### ..
.....####..)##............
..#### ##.#...).........#.
#...# ####...@........# ##..#
##..LC.......# #.###
#.(...(...... ###
#.....8...... #......?....#
#.....(......# #............#
#............#


You could see a stone giant (summoned), a lich (summoned, fast) and an orange
crystal statue.

Vanquished Creatures
  A dread lich (Vaults:3)
  Mara (Vaults:3)
  Xtahua (Vaults:3)
  Frederick (Vaults:4)
  Nikola (Spider:1)
  Jory (Vaults:4)
  Arachne (Spider:4)
  A bone dragon (Vaults:3)
  Jorgrun (D:14)
  2 liches
  A sphinx (Vaults:4)
  A kraken (Shoals:4)
  Polyphemus (Shoals:2)
  A shadow dragon (Vaults:1)
  Kirke (Spider:4)
  Agnes (Spider:1)
  A tengu reaver (Vaults:1)
  Donald (Vaults:4)
  2 fire giants (Depths:1)
  9 emperor scorpions
  A frost giant (Depths:1)
  Aizul (Shoals:1)
  3 orc warlords
  5 vault wardens
  6 ghost moths
  14 very ugly things
  9 ironbound preservers
  A war gargoyle (Vaults:4)
  3 broodmothers
  10 ironbound thunderhulks
  5 spark wasps
  10 dire elephants
  A crystal guardian (Vaults:4)
  5 merfolk impalers (Shoals:4)
  4 merfolk javelineers
  5 entropy weavers
  A fire dragon (Lair:5)
  7 yaktaur captains
  A deep elf high priest (Vaults:3)
  5 jiangshi (Depths:1)
  8 great orbs of eyes
  Harold (Lair:1)
  2 rakshasas (Depths:1)
  An ice dragon (Depths:1)
  Fannar (Lair:2)
  A hydra (Lair:5)
  A jorogumo (Spider:1)
  An ogre mage (D:15)
  3 radroaches
  An alligator snapping turtle (Shoals:4)
  A peacekeeper (Vaults:4)
  2 catoblepae
  2 merfolk avatars
  17 vault guards
  15 boulder beetles
  A tengu warrior (D:14)
  10 centaur warriors
  8 ironbound frosthearts
  10 two-headed ogres
  3 merfolk aquamancers (Shoals:4)
  A satyr (Shoals:4)
  A hell hog (Depths:1)
  8 death yaks
  3 vampire magi
  A storm dragon zombie (D:15)
  4 orc high priests (Orc:2)
  3 soul eaters (Depths:1)
  3 hell knights (Depths:1)
  2 sun demons (Depths:1)
  5 sun moths
  13 sea snakes
  A shadow wraith (Shoals:1)
  25 deep trolls
  2 skeletal warriors (D:15)
  3 pharaoh ants
  A golden dragon zombie (D:15)
  A glowing orange brain (Depths:1)
  10 steelbarb worms
  13 orb spiders
  A swamp dragon (Lair:5)
  16 ironbound convokers
  7 wizards
  8 lindwurms
  A spriggan simulacrum (Shoals:1)
  3 deep elf pyromancers
  4 orc knights
  A kraken simulacrum (Shoals:4)
  28 wolf spiders
  20 harpies
  5 necromancers
  Pikel (D:8)
  2 orc sorcerers
  17 manticores
  A fire giant zombie (Vaults:3)
  16 ugly things
  11 cyclopes
  3 fauns (Shoals:4)
  11 vault sentinels
  An iron dragon skeleton (Depths:1)
  A moth of wrath (Spider:1)
  A frost giant skeleton (Vaults:3)
  A salamander (shapeshifter) (Vaults:1)
  5 merfolk sirens (Shoals:4)
  A stone giant skeleton (D:15)
  4 torpor snails
  5 elephants (Lair:2)
  8 black mambas
  5 water nymphs
  An elf zombie (Vaults:3)
  4 smoke demons (Depths:1)
  10 cane toads
  3 gargoyles
  A hellion (Depths:1)
  A rime drake (Lair:5)
  An efreet (D:14)
  5 demonic crawlers
  12 komodo dragons
  15 yaktaurs
  A freezing wraith (Vaults:1)
  2 tengu conjurers (D:15)
  A kobold demonologist (D:14)
  A golden dragon simulacrum (Depths:1)
  An anaconda simulacrum (Shoals:1)
  13 polar bears
  2 trolls
  3 meliai (Spider:3)
  17 tarantellas
  18 merfolk
  8 blink frogs
  3 wind drakes
  2 hornets
  A tengu simulacrum (Depths:1)
  A sphinx simulacrum (Vaults:3)
  23 slime creatures
  8 snapping turtles
  3 raiju (Lair:5)
  7 dream sheep
  2 ettin zombies
  19 culicivoras
  A wraith (D:14)
  Sigmund (D:6)
  21 jumping spiders
  A water elemental (Shoals:4)
  6 wyverns
  71 yaks
  3 humans
  5 steam dragons
  5 hogs (Spider:4)
  4 basilisks
  62 redbacks
  2 vampire mosquitoes (D:13)
  3 minotaur simulacra (Shoals:1)
  2 harpy simulacra (Shoals:1)
  An acid dragon (D:11)
  8 wargs
  17 water moccasins
  12 hell hounds (Lair:5)
  A swamp drake (Lair:5)
  11 black bears (Lair:5)
  An ogre skeleton (Vaults:3)
  13 orc warriors
  An alligator simulacrum (Shoals:1)
  4 boggarts
  5 ogres
  7 centaurs
  19 wolves
  3 lemures (D:8)
  2 phantoms (D:7)
  Blork the orc (D:5)
  A gnoll sergeant (D:9)
  A human skeleton (Vaults:3)
  A scorpion (D:6)
  5 kobold brigands
  12 bullfrogs
  8 wights
  A hornet simulacrum (D:15)
  9 killer bees
  2 vampire bats (D:3)
  2 howler monkeys
  2 electric eels (Lair:4)
  5 jellies
  27 orc priests
  2 gnoll boudas (D:6)
  2 hounds (D:6)
  20 orc wizards
  8 iguanas
  16 gnolls
  8 adders
  A shadow imp (D:7)
  3 white imps
  2 ufetubi
  3 worms
  2 dart slugs (D:1)
  33 orcs
  6 ball pythons
  2 bats
  3 bat skeletons (D:3)
  3 bat zombies (D:3)
  6 endoplasms
  11 giant cockroaches
  3 goblins
  5 hobgoblins
  12 jackals
  5 quokkas
  11 frilled lizards
  24 kobolds
  4 rats
  3 tentacles (Shoals:4)
1260 creatures vanquished.

Vanquished Creatures (others)
  A smoke demon (Depths:1)
  2 jumping spiders
  A redback (Spider:4)
  A killer bee (D:7)
  An orc priest (Orc:2)
  An iguana (Lair:5)
  29 fungi
  112 plants
  9 tentacles (Shoals:4)
  3 toadstools (D:9)
  3 withered plants (D:15)
163 creatures vanquished.

Grand Total: 1423 creatures vanquished

Notes
Turn   | Place    | Note
-------+----------+-------------------------------------------
     0 | D:1      | qw the Gargoyle Fighter began the quest for the Orb.
     0 | D:1      | Reached XP level 1. HP: 14/14 MP: 1/1
     0 | D:1      | 0 ||| qw: Version: 0.2-a-12-gaebbb33
     0 | D:1      | 0 ||| qw: Game counter: 1018
     0 | D:1      | 0 ||| qw: Always use a shield: true
     0 | D:1      | 0 ||| qw: God list: Okawaru
     0 | D:1      | 0 ||| qw: Allow faded altars: false
     0 | D:1      | 0 ||| qw: Do Orc after D:15 true
     0 | D:1      | 0 ||| qw: Do second Lair branch before Depths: true
     0 | D:1      | 0 ||| qw: Lair rune preference: random
     0 | D:1      | 0 ||| qw: Plans: Normal, Zot:1-4, God:TSO, Crypt, Tomb,
                  | Pan, Slime:5, Hells, Abyss, Orb
     0 | D:1      | 0 ||| PLANNING D:1-11
   243 | D:1      | Found Etedas's Book Shoppe.
   248 | D:1      | Reached XP level 2. HP: 19/19 MP: 2/2
   389 | D:1      | Reached skill level 3 in Axes
   425 | D:1      | Reached XP level 3. HP: 16/23 MP: 3/3
   689 | D:1      | Found a faded altar of an unknown god.
   917 | D:1      | 917 ||| UPGRADING to +0 cloak.
   922 | D:1      | 922 ||| DROPPING orb of mayhem.
   923 | D:1      | 923 ||| READING scroll labelled VEENIU QUOSOTZ.
   924 | D:1      | 924 ||| READING scroll labelled YNAUCE WIESUSUC.
   925 | D:1      | 925 ||| READING scroll labelled QOHIR VYFAA.
   985 | D:2      | Found a hide-covered altar of Uskayaw.
  1761 | D:2      | Reached XP level 4. HP: 28/28 MP: 4/4
  1810 | D:2      | 1810 ||| UPGRADING to +0 kite shield.
  1820 | D:2      | 1820 ||| DROPPING +0 buckler.
  1821 | D:2      | 1821 ||| READING scroll labelled BON WENUNOH.
  1822 | D:2      | 1822 ||| READING scroll labelled UBLAUDIHOUF.
  1874 | D:2      | 1874 ||| DRINKING 2 clear potions.
  1907 | D:3      | 1907 ||| STAIRDANCE
  2136 | D:3      | 2136 ||| READING scroll labelled OCHOPR CAESHOI.
  2137 | D:3      | 2137 ||| Stepping randomly (stuck).
  2138 | D:3      | 2138 ||| Stepping randomly (stuck).
  2139 | D:3      | 2139 ||| Stepping randomly (stuck).
  2140 | D:3      | 2140 ||| Stepping randomly (stuck).
  2141 | D:3      | 2141 ||| Stepping randomly (stuck).
  2142 | D:3      | 2142 ||| Stepping randomly (stuck).
  2148 | D:3      | 2148 ||| Stepping randomly (stuck).
  2149 | D:3      | 2149 ||| Stepping randomly (stuck).
  2150 | D:3      | 2150 ||| Stepping randomly (stuck).
  2151 | D:3      | 2151 ||| Stepping randomly (stuck).
  2152 | D:3      | 2152 ||| Stepping randomly (stuck).
  2153 | D:3      | 2153 ||| Stepping randomly (stuck).
  2154 | D:3      | 2154 ||| Stepping randomly (stuck).
  2155 | D:3      | 2155 ||| Stepping randomly (stuck).
  2156 | D:3      | 2156 ||| Stepping randomly (stuck).
  2157 | D:3      | 2157 ||| Stepping randomly (stuck).
  2158 | D:3      | 2158 ||| Stepping randomly (stuck).
  2159 | D:3      | 2159 ||| Stepping randomly (stuck).
  2160 | D:3      | 2160 ||| Stepping randomly (stuck).
  2161 | D:3      | 2161 ||| Stepping randomly (stuck).
  2162 | D:3      | 2162 ||| Stepping randomly (stuck).
  2163 | D:3      | 2163 ||| Stepping randomly (stuck).
  2164 | D:3      | 2164 ||| Stepping randomly (stuck).
  2165 | D:3      | 2165 ||| Stepping randomly (stuck).
  2166 | D:3      | 2166 ||| Stepping randomly (stuck).
  2167 | D:3      | 2167 ||| Stepping randomly (stuck).
  2168 | D:3      | 2168 ||| Stepping randomly (stuck).
  2169 | D:3      | 2169 ||| Stepping randomly (stuck).
  2170 | D:3      | 2170 ||| Stepping randomly (stuck).
  2171 | D:3      | 2171 ||| Stepping randomly (stuck).
  2172 | D:3      | 2172 ||| Stepping randomly (stuck).
  2173 | D:3      | 2173 ||| Stepping randomly (stuck).
  2174 | D:3      | 2174 ||| Stepping randomly (stuck).
  2175 | D:3      | 2175 ||| Stepping randomly (stuck).
  2176 | D:3      | 2176 ||| Stepping randomly (stuck).
  2177 | D:3      | 2177 ||| Stepping randomly (stuck).
  2178 | D:3      | 2178 ||| Stepping randomly (stuck).
  2179 | D:3      | 2179 ||| Stepping randomly (stuck).
  2180 | D:3      | 2180 ||| Stepping randomly (stuck).
  2181 | D:3      | 2181 ||| Stepping randomly (stuck).
  2182 | D:3      | 2182 ||| Stepping randomly (stuck).
  2183 | D:3      | 2183 ||| Stepping randomly (stuck).
  2184 | D:3      | 2184 ||| Stepping randomly (stuck).
  2185 | D:3      | 2185 ||| Stepping randomly (stuck).
  2186 | D:3      | 2186 ||| Stepping randomly (stuck).
  2187 | D:3      | 2187 ||| Stepping randomly (stuck).
  2188 | D:3      | 2188 ||| Stepping randomly (stuck).
  2189 | D:3      | 2189 ||| Stepping randomly (stuck).
  2190 | D:3      | 2190 ||| Stepping randomly (stuck).
  2191 | D:3      | 2191 ||| Stepping randomly (stuck).
  2192 | D:3      | 2192 ||| Stepping randomly (stuck).
  2193 | D:3      | 2193 ||| Stepping randomly (stuck).
  2194 | D:3      | 2194 ||| Stepping randomly (stuck).
  2195 | D:3      | 2195 ||| Stepping randomly (stuck).
  2196 | D:3      | 2196 ||| Stepping randomly (stuck).
  2197 | D:3      | 2197 ||| Stepping randomly (stuck).
  2198 | D:3      | 2198 ||| Stepping randomly (stuck).
  2202 | D:3      | 2202 ||| Stepping randomly (stuck).
  2203 | D:3      | 2203 ||| Stepping randomly (stuck).
  2204 | D:3      | 2204 ||| Stepping randomly (stuck).
  2205 | D:3      | 2205 ||| Stepping randomly (stuck).
  2206 | D:3      | 2206 ||| Stepping randomly (stuck).
  2207 | D:3      | 2207 ||| Stepping randomly (stuck).
  2208 | D:3      | 2208 ||| Stepping randomly (stuck).
  2209 | D:3      | 2209 ||| Stepping randomly (stuck).
  2210 | D:3      | 2210 ||| Stepping randomly (stuck).
  2211 | D:3      | 2211 ||| Stepping randomly (stuck).
  2212 | D:3      | 2212 ||| Stepping randomly (stuck).
  2213 | D:3      | 2213 ||| Stepping randomly (stuck).
  2214 | D:3      | 2214 ||| Stepping randomly (stuck).
  2215 | D:3      | 2215 ||| Stepping randomly (stuck).
  2216 | D:3      | 2216 ||| Stepping randomly (stuck).
  2222 | D:3      | 2222 ||| Stepping randomly (stuck).
  2223 | D:3      | 2223 ||| Stepping randomly (stuck).
  2224 | D:3      | 2224 ||| Stepping randomly (stuck).
  2225 | D:3      | 2225 ||| Stepping randomly (stuck).
  2226 | D:3      | 2226 ||| Stepping randomly (stuck).
  2227 | D:3      | 2227 ||| Stepping randomly (stuck).
  2228 | D:3      | 2228 ||| Stepping randomly (stuck).
  2229 | D:3      | 2229 ||| Stepping randomly (stuck).
  2230 | D:3      | 2230 ||| Stepping randomly (stuck).
  2231 | D:3      | 2231 ||| Stepping randomly (stuck).
  2232 | D:3      | 2232 ||| Stepping randomly (stuck).
  2233 | D:3      | 2233 ||| Stepping randomly (stuck).
  2234 | D:3      | 2234 ||| Stepping randomly (stuck).
  2238 | D:3      | 2238 ||| Stepping randomly (stuck).
  2239 | D:3      | 2239 ||| Stepping randomly (stuck).
  2240 | D:3      | 2240 ||| Stepping randomly (stuck).
  2241 | D:3      | 2241 ||| Stepping randomly (stuck).
  2242 | D:3      | 2242 ||| Stepping randomly (stuck).
  2243 | D:3      | 2243 ||| Stepping randomly (stuck).
  2244 | D:3      | 2244 ||| Stepping randomly (stuck).
  2245 | D:3      | 2245 ||| Stepping randomly (stuck).
  2246 | D:3      | 2246 ||| Stepping randomly (stuck).
  2248 | D:3      | 2248 ||| Stepping randomly (stuck).
  2249 | D:3      | 2249 ||| Stepping randomly (stuck).
  2250 | D:3      | 2250 ||| Stepping randomly (stuck).
  2251 | D:3      | 2251 ||| Stepping randomly (stuck).
  2252 | D:3      | 2252 ||| Stepping randomly (stuck).
  2253 | D:3      | 2253 ||| Stepping randomly (stuck).
  2254 | D:3      | 2254 ||| Stepping randomly (stuck).
  2263 | D:3      | 2263 ||| Stepping randomly (stuck).
  2278 | D:3      | 2278 ||| READING scroll labelled CEHIED JILERUR.
  2279 | D:3      | 2279 ||| Stepping randomly (stuck).
  2281 | D:3      | 2281 ||| Stepping randomly (stuck).
  2282 | D:3      | 2282 ||| Stepping randomly (stuck).
  2283 | D:3      | 2283 ||| Stepping randomly (stuck).
  2284 | D:3      | 2284 ||| Stepping randomly (stuck).
  2285 | D:3      | 2285 ||| Stepping randomly (stuck).
  2286 | D:3      | 2286 ||| Stepping randomly (stuck).
  2287 | D:3      | 2287 ||| Stepping randomly (stuck).
  2288 | D:3      | 2288 ||| Stepping randomly (stuck).
  2289 | D:3      | 2289 ||| Stepping randomly (stuck).
  2290 | D:3      | 2290 ||| Stepping randomly (stuck).
  2291 | D:3      | 2291 ||| Stepping randomly (stuck).
  2293 | D:3      | 2293 ||| Stepping randomly (stuck).
  2294 | D:3      | 2294 ||| Stepping randomly (stuck).
  2295 | D:3      | 2295 ||| Stepping randomly (stuck).
  2296 | D:3      | 2296 ||| Stepping randomly (stuck).
  2297 | D:3      | 2297 ||| Stepping randomly (stuck).
  2298 | D:3      | 2298 ||| Stepping randomly (stuck).
  2299 | D:3      | 2299 ||| Stepping randomly (stuck).
  2300 | D:3      | 2300 ||| Stepping randomly (stuck).
  2301 | D:3      | 2301 ||| Stepping randomly (stuck).
  2302 | D:3      | 2302 ||| Stepping randomly (stuck).
  2303 | D:3      | 2303 ||| Stepping randomly (stuck).
  2305 | D:3      | 2305 ||| Stepping randomly (stuck).
  2306 | D:3      | 2306 ||| Stepping randomly (stuck).
  2307 | D:3      | 2307 ||| Stepping randomly (stuck).
  2309 | D:3      | 2309 ||| Stepping randomly (stuck).
  2310 | D:3      | 2310 ||| Stepping randomly (stuck).
  2311 | D:3      | 2311 ||| Stepping randomly (stuck).
  2312 | D:3      | 2312 ||| Stepping randomly (stuck).
  2313 | D:3      | 2313 ||| Stepping randomly (stuck).
  2314 | D:3      | 2314 ||| Stepping randomly (stuck).
  2315 | D:3      | 2315 ||| Stepping randomly (stuck).
  2316 | D:3      | 2316 ||| Stepping randomly (stuck).
  2317 | D:3      | 2317 ||| Stepping randomly (stuck).
  2318 | D:3      | 2318 ||| Stepping randomly (stuck).
  2319 | D:3      | 2319 ||| Stepping randomly (stuck).
  2320 | D:3      | 2320 ||| Stepping randomly (stuck).
  2321 | D:3      | 2321 ||| Stepping randomly (stuck).
  2322 | D:3      | 2322 ||| Stepping randomly (stuck).
  2323 | D:3      | 2323 ||| Stepping randomly (stuck).
  2324 | D:3      | 2324 ||| Stepping randomly (stuck).
  2325 | D:3      | 2325 ||| Stepping randomly (stuck).
  2326 | D:3      | 2326 ||| Stepping randomly (stuck).
  2327 | D:3      | 2327 ||| Stepping randomly (stuck).
  2328 | D:3      | 2328 ||| Stepping randomly (stuck).
  2329 | D:3      | 2329 ||| Stepping randomly (stuck).
  2330 | D:3      | 2330 ||| Stepping randomly (stuck).
  2331 | D:3      | 2331 ||| Stepping randomly (stuck).
  2332 | D:3      | 2332 ||| Stepping randomly (stuck).
  2333 | D:3      | 2333 ||| Stepping randomly (stuck).
  2334 | D:3      | 2334 ||| Stepping randomly (stuck).
  2335 | D:3      | 2335 ||| Stepping randomly (stuck).
  2336 | D:3      | 2336 ||| Stepping randomly (stuck).
  2337 | D:3      | 2337 ||| Stepping randomly (stuck).
  2338 | D:3      | 2338 ||| Stepping randomly (stuck).
  2339 | D:3      | 2339 ||| Stepping randomly (stuck).
  2340 | D:3      | 2340 ||| Stepping randomly (stuck).
  2341 | D:3      | 2341 ||| Stepping randomly (stuck).
  2342 | D:3      | 2342 ||| Stepping randomly (stuck).
  2343 | D:3      | 2343 ||| Stepping randomly (stuck).
  2344 | D:3      | 2344 ||| Stepping randomly (stuck).
  2345 | D:3      | 2345 ||| Stepping randomly (stuck).
  2346 | D:3      | 2346 ||| Stepping randomly (stuck).
  2347 | D:3      | 2347 ||| Stepping randomly (stuck).
  2348 | D:3      | 2348 ||| Stepping randomly (stuck).
  2349 | D:3      | 2349 ||| Stepping randomly (stuck).
  2350 | D:3      | 2350 ||| Stepping randomly (stuck).
  2351 | D:3      | 2351 ||| Stepping randomly (stuck).
  2352 | D:3      | 2352 ||| Stepping randomly (stuck).
  2353 | D:3      | 2353 ||| Stepping randomly (stuck).
  2354 | D:3      | 2354 ||| Stepping randomly (stuck).
  2355 | D:3      | 2355 ||| Stepping randomly (stuck).
  2356 | D:3      | 2356 ||| Stepping randomly (stuck).
  2357 | D:3      | 2357 ||| Stepping randomly (stuck).
  2358 | D:3      | 2358 ||| Stepping randomly (stuck).
  2359 | D:3      | 2359 ||| Stepping randomly (stuck).
  2360 | D:3      | 2360 ||| Stepping randomly (stuck).
  2361 | D:3      | 2361 ||| Stepping randomly (stuck).
  2362 | D:3      | 2362 ||| Stepping randomly (stuck).
  2363 | D:3      | 2363 ||| Stepping randomly (stuck).
  2364 | D:3      | 2364 ||| Stepping randomly (stuck).
  2365 | D:3      | 2365 ||| Stepping randomly (stuck).
  2366 | D:3      | 2366 ||| Stepping randomly (stuck).
  2367 | D:3      | 2367 ||| Stepping randomly (stuck).
  2368 | D:3      | 2368 ||| Stepping randomly (stuck).
  2369 | D:3      | 2369 ||| Stepping randomly (stuck).
  2370 | D:3      | 2370 ||| Stepping randomly (stuck).
  2371 | D:3      | 2371 ||| Stepping randomly (stuck).
  2372 | D:3      | 2372 ||| Stepping randomly (stuck).
  2373 | D:3      | 2373 ||| Stepping randomly (stuck).
  2374 | D:3      | 2374 ||| Stepping randomly (stuck).
  2375 | D:3      | 2375 ||| Stepping randomly (stuck).
  2376 | D:3      | 2376 ||| Stepping randomly (stuck).
  2377 | D:3      | 2377 ||| Stepping randomly (stuck).
  2378 | D:3      | 2378 ||| Stepping randomly (stuck).
  2379 | D:3      | 2379 ||| Stepping randomly (stuck).
  2380 | D:3      | 2380 ||| Stepping randomly (stuck).
  2381 | D:3      | 2381 ||| Stepping randomly (stuck).
  2382 | D:3      | 2382 ||| Stepping randomly (stuck).
  2383 | D:3      | 2383 ||| Stepping randomly (stuck).
  2384 | D:3      | 2384 ||| Stepping randomly (stuck).
  2385 | D:3      | 2385 ||| Stepping randomly (stuck).
  2386 | D:3      | 2386 ||| Stepping randomly (stuck).
  2387 | D:3      | 2387 ||| Stepping randomly (stuck).
  2388 | D:3      | 2388 ||| Stepping randomly (stuck).
  2389 | D:3      | 2389 ||| Stepping randomly (stuck).
  2390 | D:3      | 2390 ||| Stepping randomly (stuck).
  2391 | D:3      | 2391 ||| Stepping randomly (stuck).
  2392 | D:3      | 2392 ||| Stepping randomly (stuck).
  2393 | D:3      | 2393 ||| Stepping randomly (stuck).
  2394 | D:3      | 2394 ||| Stepping randomly (stuck).
  2395 | D:3      | 2395 ||| Stepping randomly (stuck).
  2435 | D:3      | 2435 ||| UPGRADING to +6 ring of dexterity.
  2436 | D:3      | 2436 ||| Stepping randomly (stuck).
  2444 | D:3      | 2444 ||| Stepping randomly (stuck).
  2445 | D:3      | 2445 ||| Stepping randomly (stuck).
  2446 | D:3      | 2446 ||| Stepping randomly (stuck).
  2447 | D:3      | 2447 ||| Stepping randomly (stuck).
  2448 | D:3      | 2448 ||| Stepping randomly (stuck).
  2450 | D:3      | 2450 ||| Stepping randomly (stuck).
  2451 | D:3      | 2451 ||| Stepping randomly (stuck).
  2452 | D:3      | 2452 ||| Stepping randomly (stuck).
  2453 | D:3      | 2453 ||| Stepping randomly (stuck).
  2455 | D:3      | 2455 ||| Stepping randomly (stuck).
  2456 | D:3      | 2456 ||| Stepping randomly (stuck).
  2457 | D:3      | 2457 ||| Stepping randomly (stuck).
  2458 | D:3      | 2458 ||| Stepping randomly (stuck).
  2459 | D:3      | 2459 ||| Stepping randomly (stuck).
  2461 | D:3      | 2461 ||| Stepping randomly (stuck).
  2463 | D:3      | 2463 ||| Stepping randomly (stuck).
  2465 | D:3      | 2465 ||| Stepping randomly (stuck).
  2467 | D:3      | 2467 ||| Stepping randomly (stuck).
  2469 | D:3      | 2469 ||| Stepping randomly (stuck).
  2470 | D:3      | 2470 ||| Stepping randomly (stuck).
  2471 | D:3      | 2471 ||| Stepping randomly (stuck).
  2472 | D:3      | 2472 ||| Stepping randomly (stuck).
  2473 | D:3      | 2473 ||| Stepping randomly (stuck).
  2474 | D:3      | 2474 ||| Stepping randomly (stuck).
  2475 | D:3      | 2475 ||| Stepping randomly (stuck).
  2476 | D:3      | 2476 ||| Stepping randomly (stuck).
  2477 | D:3      | 2477 ||| Stepping randomly (stuck).
  2478 | D:3      | 2478 ||| Stepping randomly (stuck).
  2479 | D:3      | 2479 ||| Stepping randomly (stuck).
  2481 | D:3      | 2481 ||| Stepping randomly (stuck).
  2483 | D:3      | 2483 ||| Stepping randomly (stuck).
  2484 | D:3      | 2484 ||| Stepping randomly (stuck).
  2485 | D:3      | 2485 ||| Stepping randomly (stuck).
  2487 | D:3      | 2487 ||| Stepping randomly (stuck).
  2488 | D:3      | 2488 ||| Stepping randomly (stuck).
  2489 | D:3      | 2489 ||| Stepping randomly (stuck).
  2490 | D:3      | 2490 ||| Stepping randomly (stuck).
  2491 | D:3      | 2491 ||| Stepping randomly (stuck).
  2492 | D:3      | 2492 ||| Stepping randomly (stuck).
  2493 | D:3      | 2493 ||| Stepping randomly (stuck).
  2494 | D:3      | 2494 ||| Stepping randomly (stuck).
  2495 | D:3      | 2495 ||| Stepping randomly (stuck).
  2496 | D:3      | 2496 ||| Stepping randomly (stuck).
  2497 | D:3      | 2497 ||| Stepping randomly (stuck).
  2498 | D:3      | 2498 ||| Stepping randomly (stuck).
  2499 | D:3      | 2499 ||| Stepping randomly (stuck).
  2500 | D:3      | 2500 ||| Stepping randomly (stuck).
  2501 | D:3      | 2501 ||| Stepping randomly (stuck).
  2502 | D:3      | 2502 ||| Stepping randomly (stuck).
  2503 | D:3      | 2503 ||| Stepping randomly (stuck).
  2504 | D:3      | 2504 ||| Stepping randomly (stuck).
  2505 | D:3      | 2505 ||| Stepping randomly (stuck).
  2506 | D:3      | 2506 ||| Stepping randomly (stuck).
  2507 | D:3      | 2507 ||| Stepping randomly (stuck).
  2634 | D:3      | Found a burning altar of Makhleb.
  2634 | D:3      | Found a blossoming altar of Fedhas.
  2634 | D:3      | Found an iron altar of Okawaru.
  2772 | D:3      | 2772 ||| READING 3 scrolls of identify.
  2772 | D:3      | 2772 ||| IDENTIFYING metallic pink potion
  2773 | D:3      | 2773 ||| READING 2 scrolls of identify.
  2773 | D:3      | 2773 ||| IDENTIFYING brown potion
  2821 | D:3      | Reached XP level 5. HP: 32/32 MP: 5/5
  2837 | D:3      | Reached skill level 1 in Dodging
  2872 | D:3      | Found an ancient bone altar of Kikubaaqudgha.
  3044 | D:3      | 3044 ||| READING scroll of enchant weapon.
  3044 | D:3      | 3044 ||| ENCHANTING +1 war axe.
  3088 | D:3      | 3088 ||| READING scroll labelled XIZAUVV CUXO.
  3112 | D:3      | 3112 ||| PLANNING OKAWARU WORSHIP
  3112 | D:3      | Became a worshipper of Warmaster Okawaru
  3113 | D:3      | 3113 ||| PLANNING D:1-11
  3153 | D:4      | Found a shadowy altar of Dithmenos.
  3164 | D:4      | 3164 ||| Stepping ~*~*~tactically~*~*~ (stealth).
  3170 | D:4      | 3170 ||| FLEEEEING.
  3174 | D:4      | 3174 ||| FLEEEEING.
  3175 | D:4      | 3175 ||| STAIRDANCE
  3247 | D:4      | 3247 ||| STAIRDANCE
  3366 | D:4      | 3366 ||| STAIRDANCE
  3371 | D:3      | HP: 7/32 [orc priest/nerve-wracking pain (7)]
  3372 | D:3      | 3372 ||| DRINKING potion of heal wounds.
  3374 | D:3      | Reached XP level 6. HP: 32/37 MP: 6/6
  3411 | D:3      | 3411 ||| DROPPING +0 whip.
  3415 | D:4      | 3415 ||| STAIRDANCE
  3466 | D:4      | 3466 ||| STAIRDANCE
  3673 | D:4      | 3673 ||| Stepping ~*~*~tactically~*~*~ (stealth).
  3681 | D:4      | 3681 ||| Stepping ~*~*~tactically~*~*~ (stealth).
  3702 | D:4      | 3702 ||| Stepping ~*~*~tactically~*~*~ (stealth).
  3704 | D:4      | 3704 ||| Stepping ~*~*~tactically~*~*~ (stealth).
  3714 | D:4      | 3714 ||| Stepping ~*~*~tactically~*~*~ (stealth).
  3725 | D:4      | 3725 ||| Stepping ~*~*~tactically~*~*~ (stealth).
  3729 | D:4      | 3729 ||| Stepping ~*~*~tactically~*~*~ (stealth).
  3730 | D:4      | 3730 ||| Stepping ~*~*~tactically~*~*~ (stealth).
  3765 | D:4      | Found a staircase to the Ecumenical Temple.
  3894 | D:4      | You fall into a shaft and drop 1 floor!
  3894 | D:5      | Entered Level 5 of the Dungeon
  3979 | D:5      | 3979 ||| DRINKING 4 potions of curing.
  3979 | D:5      | 3979 ||| (to cure confusion)
  3987 | D:5      | Reached XP level 7. HP: 17/42 MP: 7/7
  3990 | D:5      | HP: 7/42 [orc wizard/puff of flame (10)]
  4254 | D:5      | 4254 ||| READING scroll labelled NUACUA ISUIB.
  4255 | D:5      | 4255 ||| READING 3 scrolls of identify.
  4255 | D:5      | 4255 ||| IDENTIFYING fuming puce potion
  4502 | D:4      | Found a shimmering blue altar of Sif Muna.
  4654 | D:4      | 4654 ||| READING 2 scrolls of identify.
  4654 | D:4      | 4654 ||| IDENTIFYING fuming pink potion
  4736 | D:5      | Noticed Blork the orc
  4738 | D:5      | 4738 ||| FLEEEEING.
  4739 | D:5      | 4739 ||| FLEEEEING.
  4741 | D:5      | 4741 ||| FLEEEEING.
  4743 | D:5      | 4743 ||| FLEEEEING.
  4744 | D:5      | 4744 ||| FLEEEEING.
  4745 | D:5      | 4745 ||| FLEEEEING.
  4746 | D:5      | 4746 ||| FLEEEEING.
  4747 | D:5      | 4747 ||| FLEEEEING.
  4748 | D:5      | 4748 ||| FLEEEEING.
  4756 | D:5      | 4756 ||| Stepping ~*~*~tactically~*~*~ (hiding).
  4765 | D:5      | Killed Blork the orc
  4765 | D:5      | Reached * piety under Okawaru
  4766 | D:5      | Reached skill level 1 in Throwing
  5005 | D:5      | 5005 ||| Stepping ~*~*~tactically~*~*~ (hiding).
  5070 | D:5      | Found Iriekixi's General Store.
  5075 | D:5      | 5075 ||| BUYING potion of heal wounds (65 gold).
  5075 | D:5      | Bought a potion of heal wounds for 65 gold pieces
  5075 | D:5      | 5075 ||| BUYING potion of mutation (104 gold).
  5075 | D:5      | Bought a potion of mutation for 104 gold pieces
  5075 | D:5      | 5075 ||| BUYING scroll of teleportation (39 gold).
  5075 | D:5      | Bought a scroll of teleportation for 39 gold pieces
  5117 | D:5      | Reached skill level 1 in Invocations
  5290 | D:5      | 5290 ||| Stepping ~*~*~tactically~*~*~ (stealth).
  5292 | D:5      | 5292 ||| Stepping ~*~*~tactically~*~*~ (hiding).
  5295 | D:5      | 5295 ||| INVOKING Heroism.
  5942 | D:5      | 5942 ||| UPGRADING to +0 pair of boots.
  5947 | D:5      | 5947 ||| UPGRADING to +1 helmet.
  5952 | D:5      | 5952 ||| UPGRADING to +4 ring of protection.
  5953 | D:5      | 5953 ||| READING scroll labelled XERUOC DOAGUP.
  5954 | D:5      | 5954 ||| READING 2 scrolls of identify.
  5954 | D:5      | 5954 ||| IDENTIFYING sapphire potion
  5955 | D:5      | 5955 ||| DROPPING potion of flight.
  5996 | D:6      | 5996 ||| INVOKING Heroism.
  6007 | D:6      | Reached skill level 6 in Axes
  6007 | D:6      | Reached skill level 3 in Invocations
  6007 | D:6      | Reached XP level 8. HP: 48/48 MP: 7/10
  6007 | D:6      | 6007 ||| INVOKING Heroism.
  6011 | D:6      | 6011 ||| DRINKING 3 potions of curing.
  6011 | D:6      | 6011 ||| (to cure confusion)
  6012 | D:6      | 6012 ||| DRINKING 2 potions of curing.
  6012 | D:6      | 6012 ||| (to cure confusion)
  6103 | D:6      | 6103 ||| Stepping ~*~*~tactically~*~*~ (hiding).
  6107 | D:6      | 6107 ||| INVOKING Heroism.
  6252 | D:6      | 6252 ||| Stepping ~*~*~tactically~*~*~ (stealth).
  6264 | D:6      | Reached ** piety under Okawaru
  6265 | D:6      | Reached skill level 6 in Shields
  6413 | D:6      | Noticed Sigmund
  6414 | D:6      | 6414 ||| Stepping ~*~*~tactically~*~*~ (hiding).
  6417 | D:6      | 6417 ||| INVOKING Heroism.
  6422 | D:6      | Killed Sigmund
  6453 | D:6      | 6453 ||| Stepping ~*~*~tactically~*~*~ (stealth).
  6455 | D:6      | 6455 ||| Stepping ~*~*~tactically~*~*~ (hiding).
  6460 | D:6      | 6460 ||| INVOKING Heroism.
  6469 | D:6      | 6469 ||| Stepping ~*~*~tactically~*~*~ (hiding).
  6534 | D:6      | Reached XP level 9. HP: 54/54 MP: 12/12
  6812 | D:6      | 6812 ||| UPGRADING to +2 chain mail of cold resistance.
  6822 | D:6      | 6822 ||| DROPPING +0 scale mail.
  6823 | D:6      | 6823 ||| READING 2 scrolls labelled DEXYTU QOACU.
  6824 | D:6      | 6824 ||| DRINKING 2 glowing emerald potions.
  6825 | D:6      | 6825 ||| READING 3 scrolls of identify.
  6825 | D:6      | 6825 ||| IDENTIFYING murky grey potion
  6826 | D:6      | 6826 ||| READING 2 scrolls of identify.
  6826 | D:6      | 6826 ||| IDENTIFYING orange potion
  6827 | D:6      | 6827 ||| DROPPING potion of degeneration.
  6828 | D:6      | 6828 ||| DROPPING scroll of amnesia.
  6870 | D:7      | 6870 ||| STAIRDANCE
  6872 | D:6      | 6872 ||| INVOKING Heroism.
  6889 | D:7      | 6889 ||| STAIRDANCE
  6894 | D:6      | Reached skill level 4 in Armour
  6896 | D:7      | 6896 ||| STAIRDANCE
  6906 | D:6      | 6906 ||| INVOKING Heroism.
  7100 | D:7      | 7100 ||| STAIRDANCE
  7107 | D:7      | 7107 ||| STAIRDANCE
  7114 | D:7      | 7114 ||| STAIRDANCE
  7123 | D:6      | Reached *** piety under Okawaru
  7145 | D:7      | 7145 ||| STAIRDANCE
  7250 | D:7      | 7250 ||| Stepping ~*~*~tactically~*~*~ (stealth).
  7253 | D:7      | 7253 ||| INVOKING Heroism.
  7267 | D:7      | 7267 ||| Stepping ~*~*~tactically~*~*~ (stealth).
  7268 | D:7      | 7268 ||| Stepping ~*~*~tactically~*~*~ (stealth).
  7270 | D:7      | 7270 ||| Stepping ~*~*~tactically~*~*~ (stealth).
  7370 | D:7      | Reached skill level 6 in Fighting
  7414 | D:7      | 7414 ||| INVOKING Heroism.
  7422 | D:7      | 7422 ||| Stepping ~*~*~tactically~*~*~ (cloud).
  7429 | D:7      | 7429 ||| FLEEEEING.
  7430 | D:7      | 7430 ||| FLEEEEING.
  7433 | D:7      | 7433 ||| FLEEEEING.
  7434 | D:7      | 7434 ||| FLEEEEING.
  7435 | D:7      | 7435 ||| FLEEEEING.
  7436 | D:7      | 7436 ||| FLEEEEING.
  7437 | D:7      | 7437 ||| FLEEEEING.
  7438 | D:7      | 7438 ||| FLEEEEING.
  7439 | D:7      | 7439 ||| FLEEEEING.
  7440 | D:7      | 7440 ||| FLEEEEING.
  7441 | D:7      | 7441 ||| FLEEEEING.
  7442 | D:7      | 7442 ||| FLEEEEING.
  7444 | D:7      | 7444 ||| FLEEEEING.
  7445 | D:7      | 7445 ||| FLEEEEING.
  7446 | D:7      | 7446 ||| FLEEEEING.
  7447 | D:7      | 7447 ||| FLEEEEING.
  7448 | D:7      | 7448 ||| FLEEEEING.
  7449 | D:7      | 7449 ||| STAIRDANCE
  7594 | D:6      | 7594 ||| UPGRADING to amulet of regeneration.
  7599 | D:6      | 7599 ||| READING scroll labelled DILIYF KOGEFE.
  7621 | D:7      | 7621 ||| Stepping ~*~*~tactically~*~*~ (hiding).
  7774 | D:7      | 7774 ||| READING 3 scrolls of enchant weapon.
  7774 | D:7      | 7774 ||| ENCHANTING +2 war axe.
  7775 | D:7      | 7775 ||| READING 2 scrolls of enchant weapon.
  7775 | D:7      | 7775 ||| ENCHANTING +3 war axe.
  7776 | D:7      | 7776 ||| READING scroll of enchant weapon.
  7776 | D:7      | 7776 ||| ENCHANTING +4 war axe.
  7988 | D:8      | Noticed a komodo dragon
  7989 | D:8      | 7989 ||| INVOKING Heroism.
  7999 | D:8      | Killed a komodo dragon
  7999 | D:8      | Reached **** piety under Okawaru
  7999 | D:8      | Received a gift from Okawaru
  8022 | D:8      | 8022 ||| INVOKING Heroism.
  8029 | D:8      | Reached XP level 10. HP: 60/60 MP: 10/13
  8034 | D:8      | Reached skill level 9 in Axes
  8063 | D:8      | Noticed Pikel
  8063 | D:8      | 8063 ||| INVOKING Heroism.
  8075 | D:8      | Killed Pikel
  8076 | D:8      | Reached skill level 5 in Armour
  8173 | D:8      | 8173 ||| Stepping ~*~*~tactically~*~*~ (hiding).
  8294 | D:8      | 8294 ||| Stepping ~*~*~tactically~*~*~ (hiding).
  8322 | D:8      | 8322 ||| Stepping ~*~*~tactically~*~*~ (stealth).
  8330 | D:8      | Reached skill level 6 in Invocations
  8331 | D:8      | 8331 ||| INVOKING Heroism.
  8350 | D:8      | Reached ***** piety under Okawaru
  8372 | D:8      | 8372 ||| INVOKING Heroism.
  8582 | D:8      | 8582 ||| Stepping ~*~*~tactically~*~*~ (stealth).
  8584 | D:8      | 8584 ||| Stepping ~*~*~tactically~*~*~ (stealth).
  8591 | D:8      | 8591 ||| INVOKING Heroism.
  8598 | D:8      | Received a gift from Okawaru
  8640 | D:8      | Found a hide-covered altar of Uskayaw.
  8640 | D:8      | Found a radiant altar of Vehumet.
  8648 | D:8      | Noticed a two-headed ogre
  8649 | D:8      | 8649 ||| DROPPING +1 scale mail of fire resistance.
  8653 | D:8      | 8653 ||| INVOKING Heroism.
  8661 | D:8      | Killed a two-headed ogre
  8669 | D:8      | 8669 ||| Stepping ~*~*~tactically~*~*~ (stealth).
  8670 | D:8      | 8670 ||| Stepping ~*~*~tactically~*~*~ (stealth).
  8678 | D:8      | Reached skill level 9 in Shields
  8867 | D:8      | Reached XP level 11. HP: 67/67 MP: 16/16
  8935 | D:8      | 8935 ||| UPGRADING to +0 pair of gloves.
  8940 | D:8      | 8940 ||| UPGRADING to ring of protection from fire.
  8942 | D:8      | 8942 ||| READING scroll labelled FASEOH HYNOACS.
  8976 | D:9      | 8976 ||| STAIRDANCE
  8985 | D:9      | 8985 ||| STAIRDANCE
  9086 | D:9      | 9086 ||| Stepping ~*~*~tactically~*~*~ (stealth).
  9090 | D:9      | 9090 ||| INVOKING Heroism.
  9118 | D:9      | 9118 ||| Stepping ~*~*~tactically~*~*~ (stealth).
  9124 | D:9      | 9124 ||| Stepping ~*~*~tactically~*~*~ (stealth).
  9126 | D:9      | Reached skill level 6 in Armour
  9135 | D:9      | Noticed a manticore
  9136 | D:9      | 9136 ||| Stepping ~*~*~tactically~*~*~ (hiding).
  9140 | D:9      | 9140 ||| INVOKING Heroism.
  9147 | D:9      | Killed a manticore
  9147 | D:9      | Received a gift from Okawaru
  9158 | D:9      | 9158 ||| Stepping ~*~*~tactically~*~*~ (hiding).
  9160 | D:9      | 9160 ||| Stepping ~*~*~tactically~*~*~ (hiding).
  9161 | D:9      | 9161 ||| Stepping ~*~*~tactically~*~*~ (hiding).
  9162 | D:9      | Found a staircase to the Orcish Mines.
  9176 | D:9      | 9176 ||| INVOKING Heroism.
  9180 | D:9      | HP: 8/67 [orc priest/divine providence (13)]
  9181 | D:9      | 9181 ||| READING 5 scrolls of teleportation.
  9182 | D:9      | 9182 ||| DRINKING 2 potions of heal wounds.
  9289 | D:9      | Found Estruol's Weapon Boutique.
  9292 | D:9      | Received a gift from Okawaru
  9305 | D:9      | 9305 ||| SHOPLISTING +12 mace of Hospitality {vorpal, rPois
                  | rCorr} (813 gold, have 490).
  9312 | D:9      | 9312 ||| Stepping ~*~*~tactically~*~*~ (stealth).
  9322 | D:9      | Noticed a two-headed ogre
  9323 | D:9      | 9323 ||| INVOKING Heroism.
  9335 | D:9      | Killed a two-headed ogre
  9336 | D:9      | Reached skill level 9 in Invocations
  9519 | D:9      | Found Zocyph's General Store.
  9525 | D:9      | 9525 ||| BUYING 2 potions of curing (84 gold).
  9525 | D:9      | Bought 2 potions of curing for 84 gold pieces
  9558 | D:9      | Found Cirph's Assorted Antiques.
  9577 | D:9      | 9577 ||| BUYING scroll labelled TIEDDI XUMA (36 gold).
  9577 | D:9      | Bought a scroll labelled TIEDDI XUMA for 36 gold pieces
  9577 | D:9      | 9577 ||| BUYING scroll of enchant weapon (270 gold).
  9577 | D:9      | Bought a scroll of enchant weapon for 270 gold pieces
  9577 | D:9      | 9577 ||| READING scroll of enchant weapon.
  9577 | D:9      | 9577 ||| ENCHANTING +5 war axe.
  9778 | D:9      | Found Ifohaer's Assorted Antiques.
  9781 | D:9      | 9781 ||| SHOPLISTING broad axe (152 gold, have 130).
  9781 | D:9      | 9781 ||| BUYING bubbling brown potion (34 gold).
  9781 | D:9      | Bought a bubbling brown potion for 34 gold pieces
  9781 | D:9      | 9781 ||| BUYING fuming white potion (34 gold).
  9781 | D:9      | Bought a fuming white potion for 34 gold pieces
  9781 | D:9      | 9781 ||| SHOPLISTING potion of heal wounds (190 gold, have
                  | 62).
  9781 | D:9      | 9781 ||| SHOPLISTING scroll of enchant weapon (285 gold,
                  | have 62).
  9781 | D:9      | 9781 ||| SHOPLISTING scroll of teleportation (114 gold,
                  | have 62).
  9801 | D:9      | Found Rikir's Book Shoppe.
  9847 | D:9      | 9847 ||| READING scroll labelled TIEDDI XUMA.
  9848 | D:9      | 9848 ||| READING 3 scrolls of identify.
  9848 | D:9      | 9848 ||| IDENTIFYING yellow potion
  9849 | D:9      | 9849 ||| READING 2 scrolls of identify.
  9849 | D:9      | 9849 ||| IDENTIFYING bubbling brown potion
  9850 | D:9      | 9850 ||| DROPPING potion of ambrosia.
  9881 | D:10     | Entered Level 10 of the Dungeon
 10206 | D:10     | 10206 ||| Stepping ~*~*~tactically~*~*~ (stealth).
 10208 | D:10     | 10208 ||| INVOKING Heroism.
 10213 | D:10     | 10213 ||| Stepping ~*~*~tactically~*~*~ (stealth).
 10214 | D:10     | 10214 ||| Stepping ~*~*~tactically~*~*~ (stealth).
 10249 | D:10     | Noticed a two-headed ogre
 10251 | D:10     | 10251 ||| INVOKING Heroism.
 10262 | D:10     | Killed a two-headed ogre
 10329 | D:10     | 10329 ||| Stepping ~*~*~tactically~*~*~ (stealth).
 10334 | D:10     | 10334 ||| Stepping ~*~*~tactically~*~*~ (stealth).
 10358 | D:10     | Reached skill level 3 in Throwing
 10474 | D:10     | 10474 ||| Invisible monster not found???
 10514 | D:10     | 10514 ||| Stepping randomly (disturbance).
 10515 | D:10     | 10515 ||| Stepping randomly (disturbance).
 10517 | D:10     | 10517 ||| Stepping randomly (disturbance).
 10518 | D:10     | 10518 ||| Stepping randomly (disturbance).
 10523 | D:10     | 10523 ||| Stepping randomly (disturbance).
 10524 | D:10     | 10524 ||| Stepping randomly (disturbance).
 10527 | D:10     | 10527 ||| Stepping randomly (disturbance).
 10528 | D:10     | 10528 ||| Stepping randomly (disturbance).
 10888 | D:10     | 10888 ||| DROPPING ring of wizardry.
 10999 | D:11     | Noticed a manticore
 11000 | D:11     | 11000 ||| Stepping ~*~*~tactically~*~*~ (hiding).
 11001 | D:11     | 11001 ||| INVOKING Heroism.
 11013 | D:11     | Killed a manticore
 11013 | D:11     | Reached ****** piety under Okawaru
 11054 | D:11     | 11054 ||| INVOKING Heroism.
 11057 | D:11     | Reached XP level 12. HP: 73/73 MP: 16/19
 11090 | D:11     | Identified the +3 robe "Lutz" {Dex+3 SInv} (Okawaru gifted
                  | it to you on level 11 of the Dungeon)
 11090 | D:11     | Received a gift from Okawaru
 11145 | D:11     | Found a staircase to the Lair.
 11146 | D:11     | 11146 ||| Stepping ~*~*~tactically~*~*~ (hiding).
 11252 | D:11     | 11252 ||| FLEEEEING.
 11258 | D:11     | 11258 ||| FLEEEEING.
 11263 | D:11     | 11263 ||| FLEEEEING.
 11264 | D:11     | 11264 ||| FLEEEEING.
 11265 | D:11     | 11265 ||| FLEEEEING.
 11269 | D:11     | 11269 ||| STAIRDANCE
 11278 | D:10     | 11278 ||| DRINKING 4 fuming white potions.
 11279 | D:10     | 11279 ||| DROPPING 3 potions of brilliance.
 11282 | D:11     | 11282 ||| STAIRDANCE
 11323 | D:11     | 11323 ||| READING scroll of enchant armour.
 11323 | D:11     | 11323 ||| ENCHANTING +0 pair of gloves.
 11716 | D:11     | 11716 ||| FLEEEEING.
 11717 | D:11     | 11717 ||| FLEEEEING.
 11718 | D:11     | 11718 ||| FLEEEEING.
 11719 | D:11     | 11719 ||| FLEEEEING.
 11720 | D:11     | 11720 ||| FLEEEEING.
 11721 | D:11     | 11721 ||| FLEEEEING.
 11722 | D:11     | 11722 ||| FLEEEEING.
 11723 | D:11     | 11723 ||| FLEEEEING.
 11737 | D:11     | Reached skill level 7 in Armour
 11759 | D:11     | 11759 ||| PLANNING LAIR
 11759 | D:11     | 11759 ||| READING scroll labelled DUAX BUQUVO.
 11842 | Lair:1   | Entered Level 1 of the Lair of Beasts
 11981 | Lair:1   | 11981 ||| Stepping ~*~*~tactically~*~*~ (stealth).
 11982 | Lair:1   | 11982 ||| Stepping ~*~*~tactically~*~*~ (stealth).
 11983 | Lair:1   | 11983 ||| Stepping ~*~*~tactically~*~*~ (stealth).
 11984 | Lair:1   | 11984 ||| Stepping ~*~*~tactically~*~*~ (stealth).
 11990 | Lair:1   | 11990 ||| INVOKING Heroism.
 12017 | Lair:1   | 12017 ||| Stepping ~*~*~tactically~*~*~ (stealth).
 12018 | Lair:1   | 12018 ||| Stepping ~*~*~tactically~*~*~ (stealth).
 12051 | Lair:1   | 12051 ||| INVOKING Heroism.
 12111 | Lair:1   | 12111 ||| Stepping ~*~*~tactically~*~*~ (stealth).
 12114 | Lair:1   | 12114 ||| Stepping ~*~*~tactically~*~*~ (stealth).
 12182 | Lair:1   | Noticed Harold
 12183 | Lair:1   | 12183 ||| INVOKING Heroism.
 12191 | Lair:1   | Reached skill level 9 in Fighting
 12199 | Lair:1   | Killed Harold
 12235 | Lair:1   | 12235 ||| Stepping ~*~*~tactically~*~*~ (stealth).
 12236 | Lair:1   | 12236 ||| INVOKING Heroism.
 12302 | Lair:1   | 12302 ||| Stepping ~*~*~tactically~*~*~ (stealth).
 12564 | Lair:1   | 12564 ||| READING scroll labelled NEPTUI QUORE.
 12665 | Lair:1   | 12665 ||| READING scroll labelled WOEDIOCIPH.
 12725 | Lair:2   | Noticed Fannar
 12726 | Lair:2   | 12726 ||| Stepping ~*~*~tactically~*~*~ (hiding).
 12739 | Lair:2   | Killed Fannar
 12777 | Lair:2   | 12777 ||| Stepping ~*~*~tactically~*~*~ (stealth).
 12778 | Lair:2   | 12778 ||| INVOKING Heroism.
 12844 | Lair:2   | Reached skill level 12 in Axes
 12873 | Lair:2   | You fall into a shaft and drop 2 floors!
 12874 | Lair:4   | 12874 ||| INVOKING Heroism.
 12909 | Lair:4   | 12909 ||| READING 2 scrolls of identify.
 12909 | Lair:4   | 12909 ||| IDENTIFYING black potion
 12910 | Lair:4   | 12910 ||| DROPPING potion of berserk rage.
 12917 | Lair:4   | 12917 ||| INVOKING Heroism.
 12918 | Lair:4   | 12918 ||| Stepping ~*~*~tactically~*~*~ (stealth).
 12927 | Lair:4   | Reached skill level 8 in Armour
 13088 | Lair:2   | Received a gift from Okawaru
 13089 | Lair:2   | Reached XP level 13. HP: 78/80 MP: 20/20
 13092 | Lair:2   | 13092 ||| DROPPING +1 broad axe of distortion.
 13212 | Lair:2   | 13212 ||| INVOKING Heroism.
 13309 | Lair:2   | 13309 ||| INVOKING Heroism.
 13575 | Lair:2   | 13575 ||| DROPPING ring of positive energy.
 13617 | Lair:3   | Found a staircase to the Shoals.
 13712 | Lair:3   | 13712 ||| Stepping ~*~*~tactically~*~*~ (stealth).
 13788 | Lair:3   | 13788 ||| Stepping ~*~*~tactically~*~*~ (stealth).
 13791 | Lair:3   | 13791 ||| INVOKING Heroism.
 13792 | Lair:3   | 13792 ||| Stepping ~*~*~tactically~*~*~ (stealth).
 13836 | Lair:3   | 13836 ||| Stepping ~*~*~tactically~*~*~ (stealth).
 13841 | Lair:3   | 13841 ||| Stepping ~*~*~tactically~*~*~ (stealth).
 13843 | Lair:3   | 13843 ||| INVOKING Heroism.
 13920 | Lair:3   | 13920 ||| Stepping ~*~*~tactically~*~*~ (stealth).
 14167 | Lair:3   | Identified the +1 chain mail of Life {rElec Regen+ Dex+4}
                  | (Okawaru gifted it to you on level 3 of the Lair of Beasts)
 14167 | Lair:3   | Received a gift from Okawaru
 14241 | Lair:3   | Found a hole to the Spider Nest.
 14242 | Lair:3   | 14242 ||| Stepping ~*~*~tactically~*~*~ (stealth).
 14244 | Lair:3   | 14244 ||| Stepping ~*~*~tactically~*~*~ (stealth).
 14246 | Lair:3   | 14246 ||| Stepping ~*~*~tactically~*~*~ (stealth).
 14253 | Lair:3   | 14253 ||| INVOKING Heroism.
 14310 | Lair:3   | 14310 ||| INVOKING Heroism.
 14311 | Lair:3   | 14311 ||| INVOKING Finesse.
 14462 | Lair:3   | Reached skill level 9 in Armour
 14498 | Lair:3   | 14498 ||| INVOKING Heroism.
 14692 | Lair:3   | 14692 ||| DROPPING +0 plate armour.
 14693 | Lair:3   | 14693 ||| UPGRADING to +1 chain mail of Life {rElec Regen+
                  | Dex+4}.
 14746 | Lair:4   | 14746 ||| READING scroll of enchant weapon.
 14746 | Lair:4   | 14746 ||| ENCHANTING +6 war axe of venom.
 15006 | Lair:4   | 15006 ||| Stepping ~*~*~tactically~*~*~ (stealth).
 15007 | Lair:4   | 15007 ||| Stepping ~*~*~tactically~*~*~ (stealth).
 15009 | Lair:4   | 15009 ||| INVOKING Heroism.
 15024 | Lair:4   | Reached skill level 3 in Dodging
 15387 | Lair:5   | Entered Level 5 of the Lair of Beasts
 15421 | Lair:5   | 15421 ||| Stepping ~*~*~tactically~*~*~ (stealth).
 15424 | Lair:5   | 15424 ||| Stepping ~*~*~tactically~*~*~ (stealth).
 15428 | Lair:5   | 15428 ||| INVOKING Heroism.
 15430 | Lair:5   | 15430 ||| Stepping ~*~*~tactically~*~*~ (stealth).
 15472 | Lair:5   | 15472 ||| Stepping ~*~*~tactically~*~*~ (stealth).
 15474 | Lair:5   | 15474 ||| Stepping ~*~*~tactically~*~*~ (stealth).
 15481 | Lair:5   | 15481 ||| INVOKING Heroism.
 15619 | Lair:5   | 15619 ||| INVOKING Heroism.
 15657 | Lair:5   | 15657 ||| Stepping ~*~*~tactically~*~*~ (stealth).
 15711 | Lair:5   | 15711 ||| Stepping ~*~*~tactically~*~*~ (stealth).
 15713 | Lair:5   | 15713 ||| Stepping ~*~*~tactically~*~*~ (stealth).
 15716 | Lair:5   | 15716 ||| INVOKING Heroism.
 15728 | Lair:5   | 15728 ||| Stepping ~*~*~tactically~*~*~ (stealth).
 15731 | Lair:5   | 15731 ||| Stepping ~*~*~tactically~*~*~ (hiding).
 15775 | Lair:5   | Gained mutation: Your large and strong wings let you fly.
                  | [Gargoyle growth]
 15775 | Lair:5   | Reached XP level 14. HP: 88/88 MP: 21/21
 15776 | Lair:5   | 15776 ||| Stepping ~*~*~tactically~*~*~ (stealth).
 15778 | Lair:5   | 15778 ||| INVOKING Heroism.
 15779 | Lair:5   | 15779 ||| Stepping ~*~*~tactically~*~*~ (stealth).
 15819 | Lair:5   | 15819 ||| Stepping ~*~*~tactically~*~*~ (stealth).
 15820 | Lair:5   | 15820 ||| Stepping ~*~*~tactically~*~*~ (stealth).
 15821 | Lair:5   | 15821 ||| Stepping ~*~*~tactically~*~*~ (stealth).
 15822 | Lair:5   | 15822 ||| INVOKING Finesse.
 15862 | Lair:5   | 15862 ||| Stepping ~*~*~tactically~*~*~ (stealth).
 15879 | Lair:5   | 15879 ||| Stepping ~*~*~tactically~*~*~ (stealth).
 15890 | Lair:5   | 15890 ||| Stepping ~*~*~tactically~*~*~ (hiding).
 15894 | Lair:5   | 15894 ||| INVOKING Heroism.
 15924 | Lair:5   | Reached skill level 12 in Shields
 15938 | Lair:5   | 15938 ||| INVOKING Heroism.
 15939 | Lair:5   | 15939 ||| INVOKING Finesse.
 15974 | Lair:5   | Received a gift from Okawaru
 15974 | Lair:5   | Found the +3 pair of gauntlets of War {Slay+5}
 16083 | Lair:5   | 16083 ||| Stepping ~*~*~tactically~*~*~ (stealth).
 16086 | Lair:5   | 16086 ||| Stepping ~*~*~tactically~*~*~ (stealth).
 16087 | Lair:5   | 16087 ||| Stepping ~*~*~tactically~*~*~ (stealth).
 16088 | Lair:5   | 16088 ||| Stepping ~*~*~tactically~*~*~ (stealth).
 16089 | Lair:5   | 16089 ||| Stepping ~*~*~tactically~*~*~ (stealth).
 16090 | Lair:5   | 16090 ||| Stepping ~*~*~tactically~*~*~ (stealth).
 16092 | Lair:5   | 16092 ||| INVOKING Heroism.
 16239 | Lair:5   | 16239 ||| INVOKING Heroism.
 16240 | Lair:5   | 16240 ||| INVOKING Finesse.
 16243 | Lair:5   | 16243 ||| SWAPPING to +0 flail.
 16256 | Lair:5   | 16256 ||| SWAPPING to +7 war axe of venom.
 16311 | Lair:5   | 16311 ||| Stepping ~*~*~tactically~*~*~ (hiding).
 16325 | Lair:5   | 16325 ||| Stepping ~*~*~tactically~*~*~ (stealth).
 16327 | Lair:5   | 16327 ||| Stepping ~*~*~tactically~*~*~ (hiding).
 16345 | Lair:5   | 16345 ||| INVOKING Heroism.
 16414 | Lair:5   | Found a staircase to the Slime Pits.
 16438 | Lair:5   | 16438 ||| INVOKING Heroism.
 16454 | Lair:5   | Reached skill level 15 in Axes
 16457 | Lair:5   | 16457 ||| READING scroll of enchant weapon.
 16457 | Lair:5   | 16457 ||| ENCHANTING +7 war axe of venom.
 16551 | Lair:5   | 16551 ||| Stepping ~*~*~tactically~*~*~ (stealth).
 16622 | Lair:5   | 16622 ||| INVOKING Heroism.
 16645 | Lair:5   | 16645 ||| DROPPING +1 whip of freezing.
 16651 | Lair:5   | 16651 ||| Stepping ~*~*~tactically~*~*~ (stealth).
 16664 | Lair:5   | 16664 ||| INVOKING Heroism.
 16665 | Lair:5   | 16665 ||| INVOKING Finesse.
 16816 | Lair:5   | 16816 ||| PLANNING D
 16816 | Lair:5   | 16816 ||| UPGRADING to +3 pair of gauntlets of War
                  | {Slay+5}.
 16826 | Lair:5   | 16826 ||| DROPPING +1 pair of gloves.
 16827 | Lair:5   | 16827 ||| DROPPING ring of flight.
 16979 | D:12     | 16979 ||| STAIRDANCE
 16991 | D:12     | 16991 ||| INVOKING Heroism.
 16992 | D:12     | 16992 ||| STAIRDANCE
 16996 | D:11     | Reached skill level 10 in Armour
 17005 | D:12     | 17005 ||| STAIRDANCE
 17063 | D:12     | 17063 ||| INVOKING Heroism.
 17064 | D:12     | 17064 ||| INVOKING Finesse.
 17126 | D:12     | 17126 ||| Stepping ~*~*~tactically~*~*~ (stealth).
 17127 | D:12     | 17127 ||| Stepping ~*~*~tactically~*~*~ (stealth).
 17137 | D:12     | 17137 ||| Stepping ~*~*~tactically~*~*~ (stealth).
 17143 | D:12     | 17143 ||| INVOKING Heroism.
 17146 | D:12     | 17146 ||| READING 9 scrolls of teleportation.
 17202 | D:12     | 17202 ||| FLEEEEING.
 17203 | D:12     | 17203 ||| FLEEEEING.
 17204 | D:12     | 17204 ||| FLEEEEING.
 17205 | D:12     | 17205 ||| FLEEEEING.
 17206 | D:12     | 17206 ||| FLEEEEING.
 17207 | D:12     | 17207 ||| FLEEEEING.
 17208 | D:12     | 17208 ||| FLEEEEING.
 17209 | D:12     | 17209 ||| FLEEEEING.
 17210 | D:12     | 17210 ||| FLEEEEING.
 17268 | D:12     | 17268 ||| Stepping ~*~*~tactically~*~*~ (hiding).
 17271 | D:12     | 17271 ||| Stepping ~*~*~tactically~*~*~ (hiding).
 17278 | D:12     | Reached skill level 12 in Fighting
 17307 | D:12     | 17307 ||| Stepping ~*~*~tactically~*~*~ (stealth).
 17551 | D:12     | 17551 ||| Stepping ~*~*~tactically~*~*~ (stealth).
 17556 | D:12     | 17556 ||| Stepping ~*~*~tactically~*~*~ (stealth).
 17568 | D:12     | 17568 ||| INVOKING Heroism.
 18099 | D:13     | 18099 ||| INVOKING Heroism.
 18100 | D:13     | 18100 ||| INVOKING Finesse.
 18204 | D:13     | 18204 ||| INVOKING Heroism.
 18205 | D:13     | 18205 ||| INVOKING Finesse.
 18335 | D:13     | 18335 ||| Stepping ~*~*~tactically~*~*~ (stealth).
 18337 | D:13     | 18337 ||| INVOKING Heroism.
 18445 | D:13     | Reached XP level 15. HP: 96/96 MP: 22/22
 18455 | D:13     | 18455 ||| DROPPING +0 flail.
 18460 | D:13     | 18460 ||| INVOKING Heroism.
 18485 | D:13     | 18485 ||| Stepping ~*~*~tactically~*~*~ (stealth).
 18554 | D:13     | Found a runed translucent gate.
 18554 | D:13     | Found a runed translucent gate.
 18554 | D:13     | Found a runed translucent gate.
 18554 | D:13     | Noticed qw's ghost (journeyman GrFi)
 18773 | D:14     | Received a gift from Okawaru
 18786 | D:14     | 18786 ||| FLEEEEING.
 18788 | D:14     | 18788 ||| STAIRDANCE
 18865 | D:14     | 18865 ||| INVOKING Heroism.
 18918 | D:14     | 18918 ||| INVOKING Heroism.
 19043 | D:14     | Noticed Jorgrun
 19044 | D:14     | 19044 ||| Stepping ~*~*~tactically~*~*~ (hiding).
 19047 | D:14     | 19047 ||| Stepping ~*~*~tactically~*~*~ (hiding).
 19049 | D:14     | 19049 ||| INVOKING Heroism.
 19050 | D:14     | 19050 ||| INVOKING Finesse.
 19063 | D:14     | Killed Jorgrun
 19085 | D:14     | 19085 ||| Stepping ~*~*~tactically~*~*~ (stealth).
 19091 | D:14     | 19091 ||| Stepping ~*~*~tactically~*~*~ (stealth).
 19097 | D:14     | Identified the +8 war axe of Cefywkig {venom, *Noise Str+4
                  | Stlth+} (Okawaru gifted it to you on level 14 of the
                  | Dungeon)
 19097 | D:14     | Received a gift from Okawaru
 19134 | D:14     | 19134 ||| SWAPPING to +8 war axe of Cefywkig {venom, *Noise
                  | Str+4 Stlth+}.
 19135 | D:14     | 19135 ||| DROPPING +8 war axe of venom.
 19161 | D:14     | Found a gate to the Vaults.
 19444 | D:14     | 19444 ||| UPGRADING to +0 tower shield.
 19454 | D:14     | 19454 ||| DROPPING +0 kite shield.
 19455 | D:14     | 19455 ||| READING 13 scrolls of identify.
 19455 | D:14     | 19455 ||| IDENTIFYING puce potion
 19489 | D:15     | Entered Level 15 of the Dungeon
 19507 | D:15     | 19507 ||| Stepping ~*~*~tactically~*~*~ (hiding).
 19515 | D:15     | 19515 ||| Stepping ~*~*~tactically~*~*~ (hiding).
 19594 | D:15     | 19594 ||| INVOKING Heroism.
 19610 | D:15     | 19610 ||| Stepping ~*~*~tactically~*~*~ (stealth).
 19612 | D:15     | 19612 ||| Stepping ~*~*~tactically~*~*~ (hiding).
 19617 | D:15     | 19617 ||| Stepping ~*~*~tactically~*~*~ (hiding).
 19618 | D:15     | 19618 ||| Stepping ~*~*~tactically~*~*~ (hiding).
 19620 | D:15     | 19620 ||| Stepping ~*~*~tactically~*~*~ (hiding).
 19646 | D:15     | 19646 ||| INVOKING Heroism.
 19666 | D:15     | Found a staircase to the Depths.
 19889 | D:15     | Found a hazy altar of Hepliaklqana.
 19947 | D:15     | 19947 ||| Stepping ~*~*~tactically~*~*~ (hiding).
 19948 | D:15     | 19948 ||| Stepping ~*~*~tactically~*~*~ (hiding).
 19978 | D:15     | Received a gift from Okawaru
 20001 | D:15     | 20001 ||| Stepping ~*~*~tactically~*~*~ (stealth).
 20002 | D:15     | 20002 ||| Stepping ~*~*~tactically~*~*~ (stealth).
 20171 | D:15     | 20171 ||| READING scroll of enchant armour.
 20171 | D:15     | 20171 ||| ENCHANTING +1 helmet.
 20315 | D:15     | 20315 ||| PLANNING ORC
 20448 | Orc:1    | Entered Level 1 of the Orcish Mines
 20449 | Orc:1    | 20449 ||| INVOKING Heroism.
 20462 | Orc:1    | 20462 ||| Stepping ~*~*~tactically~*~*~ (hiding).
 20465 | Orc:1    | 20465 ||| Stepping ~*~*~tactically~*~*~ (hiding).
 20813 | Orc:2    | Entered Level 2 of the Orcish Mines
 20840 | Orc:2    | 20840 ||| Stepping ~*~*~tactically~*~*~ (hiding).
 20932 | Orc:2    | 20932 ||| Stepping ~*~*~tactically~*~*~ (stealth).
 20937 | Orc:2    | 20937 ||| INVOKING Heroism.
 20939 | Orc:2    | 20939 ||| Stepping ~*~*~tactically~*~*~ (stealth).
 20941 | Orc:2    | 20941 ||| Stepping ~*~*~tactically~*~*~ (hiding).
 20980 | Orc:2    | Reached XP level 16. HP: 34/101 MP: 23/23
 20983 | Orc:2    | 20983 ||| INVOKING Heroism.
 20988 | Orc:2    | HP: 23/99 [orc priest/divine providence (9)]
 20989 | Orc:2    | 20989 ||| READING 10 scrolls of teleportation.
 20992 | Orc:2    | Reached skill level 15 in Shields
 21042 | Orc:2    | Found Yjaimyto's Specific Store.
 21046 | Orc:2    | Found Cicw's General Store.
 21050 | Orc:2    | 21050 ||| BUYING potion of curing (33 gold).
 21050 | Orc:2    | Bought a potion of curing for 33 gold pieces
 21055 | Orc:2    | 21055 ||| BUYING potion of might (52 gold).
 21055 | Orc:2    | Bought a potion of might for 52 gold pieces
 21180 | Orc:2    | Found Fykiat's Armour Shoppe.
 21189 | Orc:2    | 21189 ||| BUYING +0 ice dragon scales (840 gold).
 21189 | Orc:2    | Bought +0 ice dragon scales for 840 gold pieces
 21207 | Orc:2    | Found a staircase to the Elven Halls.
 21210 | Orc:2    | Found a dark tunnel.
 21404 | Orc:2    | 21404 ||| Stepping ~*~*~tactically~*~*~ (hiding).
 21439 | Orc:2    | 21439 ||| Stepping ~*~*~tactically~*~*~ (stealth).
 21469 | Orc:2    | 21469 ||| INVOKING Heroism.
 21472 | Orc:2    | Paralysed by an orc sorcerer for 5 turns
 21576 | Orc:2    | 21576 ||| Stepping ~*~*~tactically~*~*~ (hiding).
 21578 | Orc:2    | 21578 ||| Stepping ~*~*~tactically~*~*~ (hiding).
 21686 | Orc:2    | Found Zius's General Store.
 21686 | Orc:2    | Found Rifenadgh's Antique Armour Boutique.
 21687 | Orc:2    | Found Beixtoov's Weapon Shop.
 21691 | Orc:2    | Found Ynwoj's Magic Scroll Shop.
 21694 | Orc:2    | 21694 ||| SHOPLISTING +2 crystal plate armour (1380 gold,
                  | have 942).
 21694 | Orc:2    | 21694 ||| BUYING scroll of enchant armour (112 gold).
 21694 | Orc:2    | Bought a scroll of enchant armour for 112 gold pieces
 21694 | Orc:2    | 21694 ||| READING scroll of enchant armour.
 21694 | Orc:2    | 21694 ||| ENCHANTING +0 pair of boots.
 21696 | Orc:2    | 21696 ||| BUYING pair of embroidered boots (187 gold).
 21696 | Orc:2    | Bought a pair of embroidered boots for 187 gold pieces
 21696 | Orc:2    | 21696 ||| BUYING pitted cloak (237 gold).
 21696 | Orc:2    | Bought a pitted cloak for 237 gold pieces
 21696 | Orc:2    | Identified the +2 cloak of Hadjma {rN+} (You bought it in a
                  | shop on level 2 of the Orcish Mines)
 21698 | Orc:2    | 21698 ||| BUYING scroll of enchant armour (105 gold).
 21698 | Orc:2    | Bought a scroll of enchant armour for 105 gold pieces
 21698 | Orc:2    | 21698 ||| READING scroll of enchant armour.
 21698 | Orc:2    | 21698 ||| ENCHANTING +1 pair of boots.
 21765 | Orc:2    | 21765 ||| DROPPING +2 pair of boots.
 21766 | Orc:2    | 21766 ||| UPGRADING to +2 cloak of Hadjma {rN+}.
 21776 | Orc:2    | 21776 ||| DROPPING +0 cloak.
 21830 | Orc:1    | 21830 ||| INVOKING Heroism.
 21978 | Orc:1    | 21978 ||| PLANNING SPIDER:1-3
 22173 | Spider:1 | Entered Level 1 of the Spider Nest
 22231 | Spider:1 | 22231 ||| INVOKING Heroism.
 22250 | Spider:1 | Received a gift from Okawaru
 22266 | Spider:1 | 22266 ||| Stepping ~*~*~tactically~*~*~ (stealth).
 22377 | Spider:1 | Noticed Agnes
 22378 | Spider:1 | 22378 ||| Stepping ~*~*~tactically~*~*~ (stealth).
 22379 | Spider:1 | 22379 ||| INVOKING Heroism.
 22380 | Spider:1 | 22380 ||| INVOKING Finesse.
 22384 | Spider:1 | 22384 ||| Stepping ~*~*~tactically~*~*~ (hiding).
 22391 | Spider:1 | Killed Agnes
 22472 | Spider:1 | 22472 ||| INVOKING Heroism.
 22730 | Spider:1 | 22730 ||| INVOKING Heroism.
 22747 | Spider:1 | Reached skill level 6 in Throwing
 22761 | Spider:1 | 22761 ||| DROPPING +0 morningstar.
 22768 | Spider:1 | 22768 ||| Stepping ~*~*~tactically~*~*~ (stealth).
 22833 | Spider:1 | 22833 ||| INVOKING Heroism.
 22841 | Spider:1 | 22841 ||| INVOKING Finesse.
 22906 | Spider:1 | 22906 ||| INVOKING Heroism.
 22907 | Spider:1 | 22907 ||| INVOKING Finesse.
 23018 | Spider:1 | Noticed Nikola
 23019 | Spider:1 | 23019 ||| INVOKING Heroism.
 23020 | Spider:1 | 23020 ||| INVOKING Finesse.
 23034 | Spider:1 | Killed Nikola
 23102 | Spider:1 | 23102 ||| Stepping ~*~*~tactically~*~*~ (stealth).
 23104 | Spider:1 | 23104 ||| INVOKING Heroism.
 23132 | Spider:1 | Received a gift from Okawaru
 23562 | Spider:1 | 23562 ||| DROPPING +6 ring of dexterity.
 23563 | Spider:1 | 23563 ||| UPGRADING to +4 ring of evasion.
 23604 | Spider:2 | 23604 ||| Stepping ~*~*~tactically~*~*~ (stealth).
 23606 | Spider:2 | 23606 ||| Stepping ~*~*~tactically~*~*~ (hiding).
 23610 | Spider:2 | 23610 ||| INVOKING Heroism.
 23683 | Spider:2 | 23683 ||| INVOKING Heroism.
 23706 | Spider:2 | 23706 ||| Stepping ~*~*~tactically~*~*~ (stealth).
 23707 | Spider:2 | 23707 ||| Stepping ~*~*~tactically~*~*~ (stealth).
 23708 | Spider:2 | 23708 ||| Stepping ~*~*~tactically~*~*~ (stealth).
 23709 | Spider:2 | 23709 ||| Stepping ~*~*~tactically~*~*~ (stealth).
 23710 | Spider:2 | 23710 ||| Stepping ~*~*~tactically~*~*~ (stealth).
 23726 | Spider:2 | Identified the ring of the Shining Light {rPois rF+ rN+++
                  | SInv Stlth-}
 23774 | Spider:2 | Identified the +7 shortbow of the Hurting Boar {vorpal,
                  | rElec rPois rF+++ Dex-4}
 23840 | Spider:2 | 23840 ||| Stepping ~*~*~tactically~*~*~ (stealth).
 23842 | Spider:2 | 23842 ||| Stepping ~*~*~tactically~*~*~ (stealth).
 23844 | Spider:2 | 23844 ||| Stepping ~*~*~tactically~*~*~ (stealth).
 23848 | Spider:2 | Reached skill level 11 in Armour
 23848 | Spider:2 | 23848 ||| INVOKING Heroism.
 23854 | Spider:2 | 23854 ||| INVOKING Finesse.
 23857 | Spider:2 | Identified the +11 crystal plate armour of Iliden {rPois
                  | Will++} (Okawaru gifted it to you on level 2 of the Spider
                  | Nest)
 23857 | Spider:2 | Received a gift from Okawaru
 23877 | Spider:2 | 23877 ||| Stepping ~*~*~tactically~*~*~ (stealth).
 23927 | Spider:2 | 23927 ||| Stepping ~*~*~tactically~*~*~ (stealth).
 23933 | Spider:2 | 23933 ||| Stepping ~*~*~tactically~*~*~ (stealth).
 23934 | Spider:2 | 23934 ||| Stepping ~*~*~tactically~*~*~ (stealth).
 24129 | Spider:2 | 24129 ||| DROPPING +0 acid dragon scales.
 24130 | Spider:2 | 24130 ||| DROPPING +0 ice dragon scales.
 24131 | Spider:2 | 24131 ||| DROPPING +2 chain mail of cold resistance.
 24132 | Spider:2 | 24132 ||| UPGRADING to +11 crystal plate armour of Iliden
                  | {rPois Will++}.
 24142 | Spider:2 | 24142 ||| DROPPING +1 chain mail of Life {rElec Regen+
                  | Dex+4}.
 24143 | Spider:2 | 24143 ||| UPGRADING to ring of the Shining Light {rPois rF+
                  | rN+++ SInv Stlth-}.
 24145 | Spider:2 | 24145 ||| DROPPING ring of fire.
 24154 | Spider:3 | 24154 ||| INVOKING Heroism.
 24156 | Spider:3 | 24156 ||| STAIRDANCE
 24166 | Spider:3 | 24166 ||| STAIRDANCE
 24202 | Spider:3 | 24202 ||| Stepping ~*~*~tactically~*~*~ (stealth).
 24203 | Spider:3 | 24203 ||| Stepping ~*~*~tactically~*~*~ (stealth).
 24205 | Spider:3 | 24205 ||| Stepping ~*~*~tactically~*~*~ (stealth).
 24208 | Spider:3 | 24208 ||| INVOKING Finesse.
 24228 | Spider:3 | 24228 ||| Stepping ~*~*~tactically~*~*~ (stealth).
 24416 | Spider:3 | 24416 ||| INVOKING Heroism.
 24417 | Spider:3 | 24417 ||| INVOKING Finesse.
 24498 | Spider:3 | Reached skill level 12 in Armour
 24574 | Spider:3 | Reached XP level 17. HP: 108/108 MP: 24/24
 24617 | Spider:3 | 24617 ||| INVOKING Finesse.
 24712 | Spider:3 | 24712 ||| Stepping ~*~*~tactically~*~*~ (stealth).
 24739 | Spider:3 | 24739 ||| INVOKING Heroism.
 24768 | Spider:3 | 24768 ||| Stepping ~*~*~tactically~*~*~ (stealth).
 24913 | Spider:3 | 24913 ||| INVOKING Finesse.
 24918 | Spider:3 | 24918 ||| INVOKING Heroism.
 24922 | Spider:3 | Reached skill level 13 in Armour
 25343 | Spider:3 | 25343 ||| PLANNING SHOALS:1-3
 25343 | Spider:3 | 25343 ||| DROPPING +2 hat.
 25433 | Shoals:1 | Entered Level 1 of the Shoals
 25434 | Shoals:1 | 25434 ||| Stepping ~*~*~tactically~*~*~ (hiding).
 25823 | Shoals:1 | 25823 ||| INVOKING Heroism.
 25854 | Shoals:1 | Noticed Aizul
 25855 | Shoals:1 | 25855 ||| INVOKING Finesse.
 25856 | Shoals:1 | 25856 ||| INVOKING Heroism.
 25869 | Shoals:1 | Killed Aizul
 25870 | Shoals:1 | Reached skill level 14 in Armour
 25890 | Shoals:1 | Received a gift from Okawaru
 25959 | Shoals:1 | 25959 ||| Stepping ~*~*~tactically~*~*~ (hiding).
 26054 | Shoals:1 | 26054 ||| Stepping ~*~*~tactically~*~*~ (stealth).
 26056 | Shoals:1 | 26056 ||| Stepping ~*~*~tactically~*~*~ (hiding).
 26184 | Shoals:1 | Found a frozen archway.
 26187 | Shoals:1 | 26187 ||| INVOKING Heroism.
 26494 | Shoals:2 | 26494 ||| INVOKING Heroism.
 26500 | Shoals:2 | Noticed Polyphemus
 26514 | Shoals:2 | 26514 ||| INVOKING Finesse.
 26528 | Shoals:2 | Killed Polyphemus
 26636 | Shoals:2 | 26636 ||| Stepping ~*~*~tactically~*~*~ (hiding).
 26710 | Shoals:2 | Reached skill level 15 in Armour
 26822 | Shoals:2 | 26822 ||| INVOKING Heroism.
 26823 | Shoals:2 | 26823 ||| INVOKING Finesse.
 26949 | Shoals:2 | 26949 ||| INVOKING Heroism.
 27371 | Shoals:1 | 27371 ||| DROPPING +2 hat.
 27554 | Shoals:3 | 27554 ||| INVOKING Heroism.
 27605 | Shoals:3 | 27605 ||| INVOKING Heroism.
 27805 | Shoals:3 | 27805 ||| Stepping ~*~*~tactically~*~*~ (hiding).
 28057 | Shoals:3 | 28057 ||| PLANNING SPIDER:4
 28057 | Shoals:3 | 28057 ||| DROPPING amulet of the acrobat.
 28210 | Spider:4 | Entered Level 4 of the Spider Nest
 28210 | Spider:4 | Noticed Kirke
 28211 | Spider:4 | 28211 ||| INVOKING Heroism.
 28212 | Spider:4 | 28212 ||| INVOKING Finesse.
 28223 | Spider:4 | Killed Kirke
 28230 | Spider:4 | Received a gift from Okawaru
 28242 | Spider:4 | Noticed Arachne
 28277 | Spider:4 | HP: 26/108 [ghost moth (8)]
 28278 | Spider:4 | 28278 ||| READING 9 scrolls of teleportation.
 28278 | Spider:4 | HP: 12/108 [redback[a broodmother] (3)]
 28279 | Spider:4 | 28279 ||| DRINKING 5 potions of heal wounds.
 28280 | Spider:4 | 28280 ||| DRINKING 4 potions of heal wounds.
 28286 | Spider:4 | 28286 ||| INVOKING Heroism.
 28296 | Spider:4 | Reached skill level 16 in Armour
 28296 | Spider:4 | HP: 22/108 [wolf spider (9)]
 28297 | Spider:4 | 28297 ||| READING 8 scrolls of teleportation.
 28297 | Spider:4 | HP: 7/108 [radroach (10)]
 28298 | Spider:4 | 28298 ||| DRINKING 3 potions of heal wounds.
 28300 | Spider:4 | Killed Arachne
 28301 | Spider:4 | 28301 ||| READING 7 scrolls of teleportation.
 28302 | Spider:4 | 28302 ||| DRINKING 2 potions of heal wounds.
 28317 | Spider:4 | 28317 ||| INVOKING Heroism.
 28320 | Spider:4 | 28320 ||| Stepping ~*~*~tactically~*~*~ (stealth).
 28341 | Spider:4 | HP: 26/108 [tarantella (8)]
 28342 | Spider:4 | 28342 ||| DRINKING 14 potions of curing.
 28342 | Spider:4 | 28342 ||| (to cure confusion)
 28344 | Spider:4 | Reached XP level 18. HP: 33/114 MP: 0/25
 28346 | Spider:4 | 28346 ||| READING 6 scrolls of teleportation.
 28347 | Spider:4 | 28347 ||| DRINKING potion of heal wounds.
 28361 | Spider:4 | Received a gift from Okawaru
 28406 | Spider:4 | 28406 ||| INVOKING Heroism.
 28425 | Spider:4 | 28425 ||| INVOKING Finesse.
 28438 | Spider:4 | 28438 ||| Stepping ~*~*~tactically~*~*~ (stealth).
 28440 | Spider:4 | 28440 ||| DROPPING +3 morningstar of protection.
 28544 | Spider:4 | 28544 ||| Stepping ~*~*~tactically~*~*~ (stealth).
 28546 | Spider:4 | 28546 ||| Stepping ~*~*~tactically~*~*~ (stealth).
 28548 | Spider:4 | Received a gift from Okawaru
 28554 | Spider:4 | 28554 ||| Stepping ~*~*~tactically~*~*~ (stealth).
 28557 | Spider:4 | 28557 ||| INVOKING Finesse.
 28558 | Spider:4 | 28558 ||| INVOKING Heroism.
 28586 | Spider:4 | 28586 ||| INVOKING Finesse.
 28596 | Spider:4 | 28596 ||| Stepping ~*~*~tactically~*~*~ (stealth).
 28635 | Spider:4 | 28635 ||| Stepping ~*~*~tactically~*~*~ (stealth).
 28637 | Spider:4 | 28637 ||| Stepping ~*~*~tactically~*~*~ (hiding).
 28640 | Spider:4 | 28640 ||| INVOKING Finesse.
 28668 | Spider:4 | 28668 ||| INVOKING Heroism.
 28703 | Spider:4 | Received a gift from Okawaru
 28787 | Spider:4 | 28787 ||| Stepping ~*~*~tactically~*~*~ (stealth).
 28908 | Spider:4 | Got a gossamer rune of Zot
 28948 | Spider:4 | 28948 ||| Stepping ~*~*~tactically~*~*~ (stealth).
 28949 | Spider:4 | 28949 ||| Stepping ~*~*~tactically~*~*~ (stealth).
 28950 | Spider:4 | 28950 ||| Stepping ~*~*~tactically~*~*~ (stealth).
 28951 | Spider:4 | 28951 ||| Stepping ~*~*~tactically~*~*~ (stealth).
 28952 | Spider:4 | 28952 ||| INVOKING Finesse.
 28954 | Spider:4 | 28954 ||| INVOKING Heroism.
 28978 | Spider:4 | 28978 ||| Stepping ~*~*~tactically~*~*~ (stealth).
 29024 | Spider:4 | 29024 ||| Stepping ~*~*~tactically~*~*~ (hiding).
 29025 | Spider:4 | 29025 ||| INVOKING Finesse.
 29299 | Spider:4 | 29299 ||| PLANNING VAULTS:1-4
 29299 | Spider:4 | 29299 ||| DROPPING +2 hat.
 29300 | Spider:4 | 29300 ||| DROPPING +0 pair of boots of rampaging.
 29301 | Spider:4 | 29301 ||| DROPPING scarf of shadows.
 29519 | Vaults:1 | Entered Level 1 of the Vaults
 29562 | Vaults:1 | 29562 ||| READING 5 scrolls of teleportation.
 29617 | Vaults:1 | 29617 ||| Stepping ~*~*~tactically~*~*~ (stealth).
 29619 | Vaults:1 | 29619 ||| Stepping ~*~*~tactically~*~*~ (stealth).
 29621 | Vaults:1 | 29621 ||| INVOKING Heroism.
 29735 | Vaults:1 | 29735 ||| Stepping ~*~*~tactically~*~*~ (stealth).
 29737 | Vaults:1 | 29737 ||| Stepping ~*~*~tactically~*~*~ (stealth).
 29752 | Vaults:1 | Reached skill level 17 in Armour
 29867 | Vaults:1 | 29867 ||| INVOKING Heroism.
 29873 | Vaults:1 | Reached skill level 18 in Shields
 29894 | Vaults:1 | 29894 ||| Stepping ~*~*~tactically~*~*~ (hiding).
 29908 | Vaults:1 | Received a gift from Okawaru
 29931 | Vaults:1 | Identified the +0 scale mail "Lamakurch" {rPois Stlth+}
 29959 | Vaults:1 | 29959 ||| Stepping ~*~*~tactically~*~*~ (stealth).
 29960 | Vaults:1 | 29960 ||| Stepping ~*~*~tactically~*~*~ (stealth).
 30041 | Vaults:1 | 30041 ||| Stepping ~*~*~tactically~*~*~ (hiding).
 30042 | Vaults:1 | 30042 ||| Stepping ~*~*~tactically~*~*~ (hiding).
 30043 | Vaults:1 | 30043 ||| Stepping ~*~*~tactically~*~*~ (hiding).
 30044 | Vaults:1 | 30044 ||| Stepping ~*~*~tactically~*~*~ (hiding).
 30046 | Vaults:1 | 30046 ||| Stepping ~*~*~tactically~*~*~ (hiding).
 30230 | Vaults:1 | 30230 ||| INVOKING Heroism.
 30231 | Vaults:1 | 30231 ||| INVOKING Finesse.
 30240 | Vaults:1 | Identified the +9 hand axe of Irritation {vorpal, rC+ Will-
                  | rCorr Stlth+} (Okawaru gifted it to you on level 1 of the
                  | Vaults)
 30240 | Vaults:1 | Received a gift from Okawaru
 30289 | Vaults:1 | 30289 ||| INVOKING Heroism.
 30290 | Vaults:1 | 30290 ||| INVOKING Finesse.
 30485 | Vaults:1 | 30485 ||| INVOKING Heroism.
 30545 | Vaults:1 | 30545 ||| INVOKING Heroism.
 30633 | Vaults:1 | 30633 ||| INVOKING Heroism.
 30634 | Vaults:1 | 30634 ||| INVOKING Finesse.
 30711 | Vaults:1 | 30711 ||| Stepping ~*~*~tactically~*~*~ (hiding).
 31170 | Vaults:1 | 31170 ||| DROPPING ring of see invisible.
 31171 | Vaults:1 | 31171 ||| READING 20 scrolls of identify.
 31171 | Vaults:1 | 31171 ||| IDENTIFYING murky black potion
 31172 | Vaults:1 | 31172 ||| DROPPING potion of invisibility.
 31216 | Vaults:2 | 31216 ||| PLANNING WIZLAB
 31218 | Vaults:2 | Found Imior's Distillery.
 31223 | Vaults:2 | 31223 ||| BUYING potion of heal wounds (55 gold).
 31223 | Vaults:2 | Bought a potion of heal wounds for 55 gold pieces
 31223 | Vaults:2 | 31223 ||| BUYING potion of heal wounds (55 gold).
 31223 | Vaults:2 | Bought a potion of heal wounds for 55 gold pieces
 31223 | Vaults:2 | 31223 ||| BUYING potion of lignification (33 gold).
 31223 | Vaults:2 | Bought a potion of lignification for 33 gold pieces
 31223 | Vaults:2 | 31223 ||| BUYING potion of lignification (33 gold).
 31223 | Vaults:2 | Bought a potion of lignification for 33 gold pieces
 31223 | Vaults:2 | 31223 ||| BUYING potion of magic (88 gold).
 31223 | Vaults:2 | Bought a potion of magic for 88 gold pieces
 31223 | Vaults:2 | 31223 ||| BUYING potion of mutation (88 gold).
 31223 | Vaults:2 | Bought a potion of mutation for 88 gold pieces
 31335 | Vaults:2 | Reached skill level 18 in Armour
 31398 | Vaults:2 | 31398 ||| INVOKING Finesse.
 31608 | Vaults:2 | 31608 ||| Stepping ~*~*~tactically~*~*~ (hiding).
 31617 | Vaults:2 | Received a gift from Okawaru
 31774 | Vaults:2 | 31774 ||| INVOKING Heroism.
 31867 | Vaults:2 | 31867 ||| INVOKING Finesse.
 31868 | Vaults:2 | 31868 ||| Stepping ~*~*~tactically~*~*~ (stealth).
 31869 | Vaults:2 | 31869 ||| Stepping ~*~*~tactically~*~*~ (stealth).
 31877 | Vaults:2 | Reached XP level 19. HP: 122/122 MP: 21/26
 31945 | Vaults:2 | 31945 ||| INVOKING Heroism.
 31948 | Vaults:2 | Received a gift from Okawaru
 31958 | Vaults:2 | Reached skill level 15 in Fighting
 32009 | Vaults:2 | 32009 ||| RIP WIZLAB
 32013 | Vaults:2 | 32013 ||| PLANNING VAULTS:1-4
 32078 | Vaults:2 | 32078 ||| INVOKING Heroism.
 32106 | Vaults:2 | Received a gift from Okawaru
 32234 | Vaults:2 | 32234 ||| READING 5 scrolls of teleportation.
 32237 | Vaults:2 | 32237 ||| INVOKING Heroism.
 32288 | Vaults:2 | 32288 ||| INVOKING Heroism.
 32544 | Vaults:2 | 32544 ||| READING 4 scrolls of teleportation.
 32547 | Vaults:2 | 32547 ||| INVOKING Heroism.
 32548 | Vaults:2 | 32548 ||| INVOKING Finesse.
 32697 | Vaults:3 | 32697 ||| Stepping ~*~*~tactically~*~*~ (hiding).
 32698 | Vaults:3 | 32698 ||| Stepping ~*~*~tactically~*~*~ (hiding).
 32715 | Vaults:3 | Reached skill level 9 in Throwing
 32736 | Vaults:3 | Noticed a bone dragon
 32737 | Vaults:3 | 32737 ||| Stepping ~*~*~tactically~*~*~ (stealth).
 32738 | Vaults:3 | 32738 ||| Stepping ~*~*~tactically~*~*~ (stealth).
 32758 | Vaults:3 | Noticed Xtahua
 32759 | Vaults:3 | 32759 ||| DRINKING 4 potions of resistance.
 32773 | Vaults:3 | Killed a bone dragon
 32789 | Vaults:3 | Killed Xtahua
 32789 | Vaults:3 | Received a gift from Okawaru
 32789 | Vaults:3 | Found the +18 Lear's hauberk
 32868 | Vaults:3 | Found a staircase to the Crypt.
 32955 | Vaults:3 | 32955 ||| Stepping ~*~*~tactically~*~*~ (hiding).
 32957 | Vaults:3 | 32957 ||| INVOKING Heroism.
 32990 | Vaults:3 | 32990 ||| INVOKING Finesse.
 33011 | Vaults:3 | Noticed a dread lich
 33020 | Vaults:3 | 33020 ||| Stepping ~*~*~tactically~*~*~ (hiding).
 33025 | Vaults:3 | 33025 ||| INVOKING Heroism.
 33030 | Vaults:3 | Noticed a Hell Sentinel
 33040 | Vaults:3 | Killed a dread lich
 33052 | Vaults:3 | 33052 ||| Stepping ~*~*~tactically~*~*~ (hiding).
 33091 | Vaults:3 | 33091 ||| Stepping ~*~*~tactically~*~*~ (stealth).
 33092 | Vaults:3 | 33092 ||| Stepping ~*~*~tactically~*~*~ (stealth).
 33100 | Vaults:3 | Reached skill level 19 in Armour
 33137 | Vaults:3 | 33137 ||| INVOKING Heroism.
 33168 | Vaults:3 | 33168 ||| INVOKING Finesse.
 33232 | Vaults:3 | 33232 ||| Stepping ~*~*~tactically~*~*~ (hiding).
 33236 | Vaults:3 | 33236 ||| INVOKING Heroism.
 33256 | Vaults:3 | 33256 ||| Stepping ~*~*~tactically~*~*~ (hiding).
 33257 | Vaults:3 | 33257 ||| Stepping ~*~*~tactically~*~*~ (hiding).
 33258 | Vaults:3 | 33258 ||| Stepping ~*~*~tactically~*~*~ (hiding).
 33308 | Vaults:3 | 33308 ||| INVOKING Heroism.
 33310 | Vaults:3 | 33310 ||| Stepping ~*~*~tactically~*~*~ (stealth).
 33325 | Vaults:3 | 33325 ||| Stepping ~*~*~tactically~*~*~ (stealth).
 33326 | Vaults:3 | 33326 ||| Stepping ~*~*~tactically~*~*~ (stealth).
 33335 | Vaults:3 | 33335 ||| FLEEEEING.
 33336 | Vaults:3 | 33336 ||| FLEEEEING.
 33337 | Vaults:3 | 33337 ||| FLEEEEING.
 33338 | Vaults:3 | 33338 ||| FLEEEEING.
 33339 | Vaults:3 | 33339 ||| FLEEEEING.
 33340 | Vaults:3 | 33340 ||| FLEEEEING.
 33341 | Vaults:3 | 33341 ||| FLEEEEING.
 33342 | Vaults:3 | 33342 ||| FLEEEEING.
 33343 | Vaults:3 | 33343 ||| FLEEEEING.
 33344 | Vaults:3 | 33344 ||| FLEEEEING.
 33349 | Vaults:3 | 33349 ||| FLEEEEING.
 33500 | Vaults:3 | 33500 ||| INVOKING Heroism.
 33726 | Vaults:3 | Found Yqedediz's General Store.
 33734 | Vaults:3 | 33734 ||| BUYING potion of might (92 gold).
 33734 | Vaults:3 | Bought a potion of might for 92 gold pieces
 33734 | Vaults:3 | 33734 ||| BUYING potion of might (92 gold).
 33734 | Vaults:3 | Bought a potion of might for 92 gold pieces
 33758 | Vaults:3 | 33758 ||| INVOKING Heroism.
 33800 | Vaults:3 | Noticed Mara
 33811 | Vaults:3 | Noticed qw's illusion
 33820 | Vaults:3 | Noticed qw's illusion
 33824 | Vaults:3 | 33824 ||| INVOKING Heroism.
 33829 | Vaults:3 | Killed Mara
 34054 | Vaults:4 | 34054 ||| INVOKING Heroism.
 34068 | Vaults:4 | 34068 ||| Stepping ~*~*~tactically~*~*~ (hiding).
 34069 | Vaults:4 | 34069 ||| Stepping ~*~*~tactically~*~*~ (hiding).
 34186 | Vaults:4 | 34186 ||| Stepping ~*~*~tactically~*~*~ (hiding).
 34187 | Vaults:4 | 34187 ||| Stepping ~*~*~tactically~*~*~ (hiding).
 34188 | Vaults:4 | 34188 ||| Stepping ~*~*~tactically~*~*~ (hiding).
 34189 | Vaults:4 | 34189 ||| Stepping ~*~*~tactically~*~*~ (hiding).
 34190 | Vaults:4 | 34190 ||| Stepping ~*~*~tactically~*~*~ (hiding).
 34212 | Vaults:4 | Noticed Jory
 34213 | Vaults:4 | 34213 ||| INVOKING Heroism.
 34214 | Vaults:4 | Noticed Donald
 34228 | Vaults:4 | Killed Donald
 34231 | Vaults:4 | Killed Jory
 34232 | Vaults:4 | Reached XP level 20. HP: 131/131 MP: 22/27
 34260 | Vaults:4 | 34260 ||| SWAPPING to +5 broad axe of freezing.
 34261 | Vaults:4 | 34261 ||| DROPPING +8 war axe of Cefywkig {venom, *Noise
                  | Str+4 Stlth+}.
 34262 | Vaults:4 | 34262 ||| READING 2 scrolls of enchant weapon.
 34262 | Vaults:4 | 34262 ||| ENCHANTING +5 broad axe of freezing.
 34263 | Vaults:4 | 34263 ||| READING scroll of enchant weapon.
 34263 | Vaults:4 | 34263 ||| ENCHANTING +6 broad axe of freezing.
 34268 | Vaults:4 | 34268 ||| Stepping ~*~*~tactically~*~*~ (hiding).
 34307 | Vaults:4 | 34307 ||| Stepping ~*~*~tactically~*~*~ (stealth).
 34309 | Vaults:4 | 34309 ||| Stepping ~*~*~tactically~*~*~ (hiding).
 34321 | Vaults:4 | 34321 ||| INVOKING Heroism.
 34326 | Vaults:4 | Received a gift from Okawaru
 34331 | Vaults:4 | 34331 ||| Stepping ~*~*~tactically~*~*~ (hiding).
 34332 | Vaults:4 | 34332 ||| Stepping ~*~*~tactically~*~*~ (hiding).
 34372 | Vaults:4 | 34372 ||| Stepping ~*~*~tactically~*~*~ (stealth).
 34374 | Vaults:4 | 34374 ||| Stepping ~*~*~tactically~*~*~ (stealth).
 34376 | Vaults:4 | 34376 ||| INVOKING Heroism.
 34405 | Vaults:4 | 34405 ||| Stepping ~*~*~tactically~*~*~ (stealth).
 34406 | Vaults:4 | 34406 ||| Stepping ~*~*~tactically~*~*~ (hiding).
 34406 | Vaults:4 | Noticed Frederick
 34407 | Vaults:4 | 34407 ||| INVOKING Finesse.
 34425 | Vaults:4 | 34425 ||| INVOKING Heroism.
 34449 | Vaults:4 | Killed Frederick
 34517 | Vaults:4 | 34517 ||| Stepping ~*~*~tactically~*~*~ (hiding).
 34518 | Vaults:4 | 34518 ||| Stepping ~*~*~tactically~*~*~ (hiding).
 34521 | Vaults:4 | 34521 ||| Stepping ~*~*~tactically~*~*~ (stealth).
 34527 | Vaults:4 | 34527 ||| INVOKING Heroism.
 34544 | Vaults:4 | Received a gift from Okawaru
 34684 | Vaults:4 | 34684 ||| INVOKING Heroism.
 34854 | Vaults:4 | 34854 ||| INVOKING Heroism.
 34986 | Vaults:4 | 34986 ||| Stepping ~*~*~tactically~*~*~ (hiding).
 34990 | Vaults:4 | Received a gift from Okawaru
 35073 | Vaults:4 | 35073 ||| Stepping ~*~*~tactically~*~*~ (stealth).
 35074 | Vaults:4 | 35074 ||| INVOKING Finesse.
 35078 | Vaults:4 | 35078 ||| INVOKING Heroism.
 35119 | Vaults:4 | 35119 ||| INVOKING Finesse.
 35122 | Vaults:4 | 35122 ||| FLEEEEING.
 35126 | Vaults:4 | 35126 ||| Stepping ~*~*~tactically~*~*~ (hiding).
 35127 | Vaults:4 | 35127 ||| Stepping ~*~*~tactically~*~*~ (hiding).
 35128 | Vaults:4 | 35128 ||| Stepping ~*~*~tactically~*~*~ (hiding).
 35129 | Vaults:4 | 35129 ||| Stepping ~*~*~tactically~*~*~ (hiding).
 35130 | Vaults:4 | 35130 ||| Stepping ~*~*~tactically~*~*~ (hiding).
 35330 | Vaults:4 | 35330 ||| PLANNING SHOALS:4
 35334 | Vaults:3 | 35334 ||| Stepping ~*~*~tactically~*~*~ (hiding).
 35335 | Vaults:3 | 35335 ||| Stepping ~*~*~tactically~*~*~ (hiding).
 35336 | Vaults:3 | 35336 ||| Stepping ~*~*~tactically~*~*~ (hiding).
 35341 | Vaults:3 | Reached skill level 18 in Axes
 35717 | Shoals:4 | Entered Level 4 of the Shoals
 35719 | Shoals:4 | 35719 ||| STAIRDANCE
 35731 | Shoals:4 | 35731 ||| STAIRDANCE
 35745 | Shoals:4 | 35745 ||| Stepping ~*~*~tactically~*~*~ (hiding).
 35748 | Shoals:4 | 35748 ||| Stepping ~*~*~tactically~*~*~ (hiding).
 35754 | Shoals:4 | 35754 ||| INVOKING Heroism.
 35764 | Shoals:4 | Received a gift from Okawaru
 35810 | Shoals:4 | 35810 ||| Stepping ~*~*~tactically~*~*~ (hiding).
 36044 | Shoals:4 | 36044 ||| INVOKING Heroism.
 36079 | Shoals:4 | 36079 ||| Stepping ~*~*~tactically~*~*~ (hiding).
 36136 | Shoals:4 | 36136 ||| Stepping ~*~*~tactically~*~*~ (hiding).
 36138 | Shoals:4 | 36138 ||| INVOKING Heroism.
 36142 | Shoals:4 | 36142 ||| Stepping ~*~*~tactically~*~*~ (hiding).
 36281 | Shoals:4 | 36281 ||| Stepping ~*~*~tactically~*~*~ (hiding).
 36290 | Shoals:4 | Reached skill level 20 in Armour
 36350 | Shoals:4 | 36350 ||| Stepping ~*~*~tactically~*~*~ (stealth).
 36354 | Shoals:4 | 36354 ||| INVOKING Heroism.
 36360 | Shoals:4 | Received a gift from Okawaru
 36376 | Shoals:4 | 36376 ||| INVOKING Finesse.
 36455 | Shoals:4 | 36455 ||| Stepping ~*~*~tactically~*~*~ (hiding).
 36566 | Shoals:4 | 36566 ||| INVOKING Heroism.
 36636 | Shoals:4 | 36636 ||| Stepping ~*~*~tactically~*~*~ (hiding).
 36637 | Shoals:4 | 36637 ||| Stepping ~*~*~tactically~*~*~ (hiding).
 36738 | Shoals:4 | 36738 ||| Stepping ~*~*~tactically~*~*~ (hiding).
 36739 | Shoals:4 | 36739 ||| INVOKING Heroism.
 36740 | Shoals:4 | 36740 ||| INVOKING Finesse.
 36744 | Shoals:4 | 36744 ||| Stepping ~*~*~tactically~*~*~ (hiding).
 36840 | Shoals:4 | Got a barnacled rune of Zot
 36887 | Shoals:4 | 36887 ||| PLANNING DEPTHS
 36887 | Shoals:4 | 36887 ||| DROPPING +6 ring of strength.
 37152 | Depths:1 | Entered Level 1 of the Depths
 37153 | Depths:1 | 37153 ||| Stepping ~*~*~tactically~*~*~ (hiding).
 37175 | Depths:1 | 37175 ||| INVOKING Heroism.
 37176 | Depths:1 | Found a gateway to Hell.
 37184 | Depths:1 | Reached XP level 21. HP: 131/139 MP: 26/28
 37202 | Depths:1 | 37202 ||| INVOKING Finesse.
 37235 | Depths:1 | HP: 31/139 [green ugly thing (10)]
 37236 | Depths:1 | 37236 ||| READING 4 scrolls of teleportation.
 37236 | Depths:1 | HP: 15/139 [spark wasp (17)]
 37237 | Depths:1 | 37237 ||| DRINKING 2 potions of heal wounds.
 37238 | Depths:1 | 37238 ||| DRINKING potion of heal wounds.
 37239 | Depths:1 | 37239 ||| INVOKING Heroism.
 37352 | Depths:1 | 37352 ||| Stepping ~*~*~tactically~*~*~ (stealth).
 37353 | Depths:1 | 37353 ||| Stepping ~*~*~tactically~*~*~ (stealth).
 37362 | Depths:1 | 37362 ||| INVOKING Heroism.
 37370 | Depths:1 | Received a gift from Okawaru
 37399 | Depths:1 | Found a one-way gateway to a ziggurat.
 37403 | Depths:1 | 37403 ||| INVOKING Finesse.
 37404 | Depths:1 | 37404 ||| INVOKING Heroism.
 37489 | Depths:1 | 37489 ||| INVOKING Heroism.
 37607 | Depths:1 | Received a gift from Okawaru
 37883 | Depths:1 | 37883 ||| Stepping ~*~*~tactically~*~*~ (stealth).
 37887 | Depths:1 | 37887 ||| Stepping ~*~*~tactically~*~*~ (hiding).
 37903 | Depths:1 | 37903 ||| Stepping ~*~*~tactically~*~*~ (hiding).
 37953 | Depths:1 | 37953 ||| INVOKING Heroism.
 37954 | Depths:1 | 37954 ||| Stepping ~*~*~tactically~*~*~ (stealth).
 37955 | Depths:1 | 37955 ||| Stepping ~*~*~tactically~*~*~ (hiding).
 37959 | Depths:1 | 37959 ||| INVOKING Finesse.
 37960 | Depths:1 | 37960 ||| Stepping ~*~*~tactically~*~*~ (hiding).
 37961 | Depths:1 | 37961 ||| Stepping ~*~*~tactically~*~*~ (hiding).
 38000 | Depths:1 | 38000 ||| INVOKING Finesse.
 38060 | Depths:1 | 38060 ||| INVOKING Heroism.
 38104 | Depths:1 | 38104 ||| INVOKING Finesse.
 38105 | Depths:1 | 38105 ||| INVOKING Finesse.
 38121 | Depths:1 | Lost intelligence.
 38162 | Depths:1 | 38162 ||| INVOKING Heroism.
 38162 | Depths:1 | HP: 29/139 [fire dragon/blast of flame[an orange crystal
                  | statue] (21)]
 38171 | Depths:1 | HP: 24/139 [jiangshi[an orange crystal statue] (11)]
 38178 | Depths:1 | Killed from afar by a lich

Levels and vault maps discovered:
D:1:      dpeg_arrival_tiny_k, layout_basic,
          dreamdust_ecumenical_altar_hidden_monk_grotto, serial_shops, shop
D:2:      layout_basic, basic_altar, chequers_serial_rivers_micro_b,
          due_unseen_surprise
D:3:      minmay_skewed_foursquare, layout_rooms, kennysheep_vampire_church,
          gammafunk_temple_overflow_claw, minmay_misc_feat_encased
D:4:      layout_rooms, kennysheep_orc_sif_temple, general_overflow_altar,
          minmay_temple_entry_ruins, minmay_lizard_king
D:5:      layout_layer_cave, serial_shops, nicolae_shop_hallway_plus,
          uniq_blork_the_orc
D:6:      layout_loops_ring, uniq_sigmund
D:7:      layout_cave_pools
D:8:      layout_gridville, jmf_multi_god_temple, uniq_pikel
D:9:      layout_loops_ring, erik_orc_4, serial_shops, nicolae_shop_stone, shop,
          shop, kennysheep_mini, nicolae_shop_stone, grunt_ministairs_12,
          minmay_gold_behind_fungi
D:10:     layout_loops_corners
D:11:     layout_long_grid, erik_lair_dragon, minmay_misc_feat_roman
D:12:     layout_basic
D:13:     layout_basic, gammafunk_ghost_nasty_kobolds
D:14:     layout_big_octagon, erik_vaults_2, kennysheep_decorative_pillar,
          uniq_jorgrun
D:15:     gammafunk_depths_entry_grave, layout_gridville,
          nicolae_hepliaklqana_hazy_memory
Lair:1:   layout_misc_corridors, uniq_harold
Lair:2:   layout_loops_ring, uniq_fannar
Lair:3:   layout_loops_ring, shoals_dummy_entry,
          nicolae_spider_entry_tight_spaces, grunt_megastairs_5,
          lemuel_fruit_tree
Lair:4:   layout_gridlike, serial_bayou_pond_b, beast_lair_carwin_4,
          serial_bayou_shore_b
Lair:5:   guppyfry_lair_end_dragon, layout_long_grid,
          hangedman_lair_caniforms_friends, minmay_slime_entry_pillars,
          chequers_serial_rivers_room_b, cheibrodos_lair_lostbears
Shoals:1: layout_shoals, portal_ice_cave_entry_ice_simulacra,
          nicolae_shoals_hidden_pirate_stash, uniq_aizul
Shoals:2: layout_shoals, uniq_polyphemus
Shoals:3: layout_shoals
Shoals:4: shoals_end_grunt_ice, layout_shoals
Spider:1: layout_chambers, nicolae_spider_scorpion_nest, uniq_agnes, uniq_nikola
Spider:2: layout_spider_delve
Spider:3: layout_cave_pods
Spider:4: guppyfry_spider_rune, uniq_kirke, uniq_arachne
Orc:1:    layout_caves, nicolae_orc_pool_cavern
Orc:2:    st_orc_mages, layout_diamond_mine, nicolae_volcano_entry_two_sided,
          serial_shops, nicolae_shop_stone, nicolae_specific_store
Vaults:1: ontoclasm_vaults_ligature, st_more_cells,
          nicolae_vaults_disjoint_gnomons, nicolae_vaults_theta,
          nicolae_vaults_network_quinsquares
          [nicolae_vaults_network_quincunx_subvault,
          nicolae_vaults_network_quincunx_subvault,
          nicolae_vaults_network_quincunx_subvault,
          nicolae_vaults_network_quincunx_subvault],
          nicolae_vaults_diagonal_hallway_9, v_misc_25, ontoclasm_vaults_pinch,
          v_misc_29, nicolae_vaults_network_square,
          nicolae_vaults_disjoint_gnomons, nicolae_vaults_asterisk, v_misc_1,
          nicolae_vaults_little_squares_1, vaults_room_pool,
          nicolae_vaults_asterisk, layout_vaults_omnibox
Vaults:2: mu_enter_wizlab_3, grunt_vaults_bifocal,
          nicolae_vaults_hallways_thing, vaults_dpeg_hooks, v_rooms_3,
          ontoclasm_vaults_ring_square, nicolae_vaults_circle_grid_a,
          ontoclasm_vaults_ring_small, layout_vaults_omnigrid, serial_shops,
          nicolae_shop_hallway_plus
Vaults:3: hangedman_vaults_hat, v_misc_27, st_cells, ontoclasm_vaults_tryst,
          v_pattern_3, v_misc_5, vaults_room_fours, vaults_room_large_hall,
          vaults_mumra_chevron_long, nicolae_vaults_rhombus_5,
          ontoclasm_vaults_twist, nicolae_vaults_ring_of_whatevers,
          nicolae_vaults_little_squares_6, minmay_crypt_entry_nasty_monster,
          vaults_room_pool, ontoclasm_vaults_gateway,
          nicolae_vaults_little_squares_2, layout_vaults_ring, serial_shops,
          shop, uniq_mara, uniq_xtahua
Vaults:4: v_alt_pattern_1, vaults_room_pools, vaults_dpeg_spiral,
          vaults_room_fancy_cross, hangedman_vaults_pinch, v_misc_14,
          nicolae_vaults_yaktaur_gun_rack, hangedman_vaults_corner,
          nicolae_vaults_mini_display_case, grunt_vaults_hallway_long,
          dpeg_vaults_monster_row, v_misc_29, layout_vaults_maze_snakey,
          uniq_jory, uniq_donald, uniq_frederick
Depths:1: layout_cave_shapes, enter_ziggurat_e, abyss_entry, hellmouth_3,
          minivault_16, minmay_splitting_lines, hangedman_glass_teeth,
          item_on_display_a

Skill      XL: |  1  2  3  4  5  6  7  8  9 10 11 12 13 14 15 16 17 18 19 20 21 |
---------------+----------------------------------------------------------------+-----
Axes           | 2 3 4 5 6 7 8 9 10 12 14 15 16 18 | 18.0
Shields        | 4 5 6 8 9 10 11 12 14 17 18 19 | 19.4
Dodging        | 1 2 3 4 |  4.2
Fighting       | 4 5 6 7 8 9 10 12 13 14 16 17 | 17.0
Throwing       | 1 2 3 5 6 7 8 9 10 | 10.1
Invocations    | 3 4 7 10 | 10.2
Armour         | 4 5 6 8 9 10 12 16 18 19 20 | 20.4

Action                   |  1- 3 |  4- 6 |  7- 9 | 10-12 | 13-15 | 16-18 | 19-21 || total
-------------------------+-------+-------+-------+-------+-------+-------+-------++-------
Melee: War axe           |    76 |   166 |   228 |   491 |  1016 |  1118 |   404 ||  3499
       Flail             |       |       |       |       |    11 |       |       ||    11
       Broad axe         |       |       |       |       |       |       |   769 ||   769
Throw: Javelin           |       |       |    23 |    50 |    16 |    83 |    73 ||   245
       Boomerang         |       |       |       |    17 |    58 |    99 |       ||   174
Invok: Heroism           |       |       |    12 |    20 |    36 |    41 |    36 ||   145
       Finesse           |       |       |       |       |     9 |    24 |    13 ||    46
  Use: Scroll            |     3 |     8 |    12 |    11 |     5 |     9 |     5 ||    53
       Potion            |       |     3 |     3 |     2 |       |     6 |     3 ||    17
 Stab: Distracted        |       |       |       |       |     2 |       |       ||     2
Armor: Scale mail        |    39 |   126 |    69 |       |       |       |       ||   234
       Chain mail        |       |       |    87 |   225 |   453 |   116 |       ||   881
       Crystal plate arm |       |       |       |       |       |   523 |   539 ||  1062
Dodge: Dodged            |    50 |    72 |   124 |   141 |   250 |   209 |   153 ||   999
Block: Buckler           |    19 |       |       |       |       |       |       ||    19
       Kite shield       |       |    96 |   177 |   240 |   414 |       |       ||   927
       Tower shield      |       |       |       |       |   129 |   916 |   834 ||  1879

Table legend:
 A = Non-vault XP
 B = Vault XP
 C = Vault XP percentage of total XP
 D = Non-vault monster count
 E = Vault monster count
 F = Vault count percentage of total count
                 A         B        C        D         E       F
            +---------+---------+-------+---------+---------+-------
      Total |  329832 |  196971 |  37.4 |     839 |     417 |  33.2
            +---------+---------+-------+---------+---------+-------
        D:1 |      45 |       0 |   0.0 |      22 |       0 |   0.0
        D:2 |      45 |       0 |   0.0 |      13 |       0 |   0.0
        D:3 |     120 |     135 |  52.9 |      23 |      12 |  34.3
        D:4 |      74 |      46 |  38.3 |      15 |      10 |  40.0
        D:5 |     408 |     100 |  19.7 |      17 |       1 |   5.6
        D:6 |    1757 |     214 |  10.9 |      40 |       1 |   2.4
        D:7 |    1187 |       0 |   0.0 |      18 |       0 |   0.0
        D:8 |    3860 |    1755 |  31.3 |      39 |       7 |  15.2
        D:9 |    2318 |     808 |  25.8 |      14 |      17 |  54.8
       D:10 |    4811 |       0 |   0.0 |      19 |       0 |   0.0
       D:11 |    4179 |    1256 |  23.1 |      10 |       5 |  33.3
       D:12 |    6596 |       0 |   0.0 |      15 |       0 |   0.0
       D:13 |    6474 |       0 |   0.0 |      14 |       0 |   0.0
       D:14 |    8911 |    8792 |  49.7 |      18 |       9 |  33.3
       D:15 |   11703 |    5126 |  30.5 |      20 |       8 |  28.6
     Lair:1 |    4497 |     889 |  16.5 |      19 |       1 |   5.0
     Lair:2 |    5744 |     873 |  13.2 |      17 |       1 |   5.6
     Lair:3 |    6022 |    2532 |  29.6 |      22 |      12 |  35.3
     Lair:4 |    2893 |    2243 |  43.7 |      12 |      10 |  45.5
     Lair:5 |   12985 |   14758 |  53.2 |      39 |      77 |  66.4
   Shoals:1 |    8907 |    3929 |  30.6 |      17 |      10 |  37.0
   Shoals:2 |    8428 |    3931 |  31.8 |      18 |       4 |  18.2
   Shoals:3 |    8053 |       0 |   0.0 |      15 |       0 |   0.0
   Shoals:4 |   13833 |   18296 |  56.9 |      24 |      31 |  56.4
   Spider:1 |   20822 |    7536 |  26.6 |      61 |       5 |   7.6
   Spider:2 |   10662 |       0 |   0.0 |      24 |       0 |   0.0
   Spider:3 |   19555 |       0 |   0.0 |      36 |       0 |   0.0
   Spider:4 |   21858 |   23615 |  51.9 |      46 |      42 |  47.7
      Orc:1 |    2016 |       0 |   0.0 |      11 |       0 |   0.0
      Orc:2 |     816 |    5677 |  87.4 |      10 |      43 |  81.1
   Vaults:1 |   18772 |   16966 |  47.5 |      27 |      22 |  44.9
   Vaults:2 |   32830 |    1533 |   4.5 |      47 |       2 |   4.1
   Vaults:3 |   17920 |   38295 |  68.1 |      26 |      42 |  61.8
   Vaults:4 |   32965 |   28072 |  46.0 |      41 |      30 |  42.3
   Depths:1 |   27766 |    9594 |  25.7 |      30 |      15 |  33.3
            +---------+---------+-------+---------+---------+-------
